Workbook
Name benchfee_amount: parameters!$B$31
Name callnaam: Budget!$A$1
Name cash_cofunding_minperc: parameters!$B$76
Name cash_invoice: parameters!$B$81
Name categories_pers_ac: salaries_academic[category]
Name CfP_tariffs_other_inst: parameters!$B$34
Name cofunding_inkind_def_rates: parameters!$B$78
Name cofunding_junior_rate: parameters!$B$79
Name cofunding_max_perc: parameters!$B$75
Name cofunding_min_perc: parameters!$B$74
Name cofunding_perc: Budget!#REF!
Name cofunding_private_minperc: parameters!$B$77
Name cofunding_senior_rate: parameters!$B$80
Name cofunding_threshold: parameters!$B$73
Name date: Budget!$B$2
Name empty_lines: parameters!$B$12
Name enddate: Budget!$D$7
Name file_creation_date: parameters!$B$3
Name File_number: Budget!$B$6
Name footer_MFC: Budget!$A$87:$H$88
Name FTE_year_PhD_PD: checks!$F$112
Name header_MfC: Budget!#REF!
Name HOT_rate_type: parameters!$B$33
Name HOT_rates: parameters!$B$32
Name Int_maxamount: parameters!$B$63
Name Int_maxamount_perc: parameters!$B$64
Name Int_MfC_maxamount: parameters!$B$61
Name Int_MfC_maxperc: parameters!$B$62
Name inv_max_total_amount: parameters!$B$51
Name inv_min_perc_own_contr: parameters!$B$49
Name inv_min_total_amount: parameters!$B$50
Name inv_own_contribution: parameters!$B$47
Name KU_entrepeneurship_max_amount: parameters!$B$55
Name KU_entrepeneurship_minperc: parameters!$B$54
Name KU_max_amount: parameters!$B$56
Name KU_maxperc: parameters!$B$58
Name KU_minperc: parameters!$B$57
Name list_ac_other_combined: parameters!$E$299:$E$306
Name list_academic_personnel: parameters!$A$299:$A$308
Name list_kind_cash_cofunding: parameters!$G$299:$G$316
Name list_personnel_other_inst: parameters!$C$299:$C$306
Name Main_applicant: Budget!$E$2
Name main_applicant_organisation: Budget!$B$3
Name main_applicant_type_organisation: Budget!$B$4
Name mat_cleanroom_maxamount: parameters!$B$44
Name mat_cleanroom_minamount: parameters!$B$43
Name mat_costs_accountant: parameters!$B$42
Name Mat_max_FTE_year: parameters!$B$38
Name Mat_max_FTE_year_other_inst: parameters!$B$41
Name Max_mat_FTE_year: parameters!$B$38
Name Max_NWO_funding: parameters!$B$8
Name max_NWO_funding_with_inv_nature: parameters!$B$7
Name max_NWO_funding_wo_inv_nature: parameters!$B$6
Name Max_project_duration: parameters!$B$9
Name MfC_maxamount: parameters!$B$65
Name MfC_maxperc: parameters!$B$66
Name Min_NWO_funding: parameters!$B$4
Name NFU_rates: parameters!$B$16
Name notes: Budget!$I$1
Name organisation_name: parameters!$B$11

Sheet Summary
A1: Finance Summary
A2: Name call: | B2: =callnaam -> KIN Pact netwerksubsidie 2026
A3: VSNU: | B3: =VSNU_rates -> 45474
A4: NFU: | B4: =NFU_rates -> 45413
A5: HOT-Tabel van: | B5: =HOT_rates -> 2026
A6: File number: | B6: =IF(ISBLANK(File_number),"-",File_number) -> -
A7: Cash cofunding via: | B7: =cash_invoice -> knowledge institute
A9: Expenses
A10: Budget post | B10: Amount
A11: Total personnel | B11: =Total_personnel_costs -> 0
A12: -Personnel ac. institutes (incl benchfee) | B12: =Total_personnel_ac_institutes+Total_benchfee -> 0
A13: -Personnel other institutes | B13: =Total_personnel_other+pers_other_inst_2021[[#Totals],[Amount]] -> 0
A14: Total Material | B14: =Total_material_costs -> 0
A15: Total Investments (incl by inst) | B15: =Total_investments+Total_invest_by_KI -> 0
A16: Total Knowledge Utilisation | B16: =Total_KU_and_entrepeneurship -> 0
A17: Total Internationalisation | B17: =Total_internationalisation -> 0
A18: Total Money follow Cooperation | B18: =Total_MfC -> 0
A19: Total project management | B19: =Total_project_mngmnt -> 0
A20: Total required resources | B20: =Total_personnel_costs+Total_material_costs+Total_investments+Total_KU_and_entrepeneurship+Total_internationalisation+Total_MfC+Total_project_mngmnt -> 0
A22: Funding
A23: Type of funding | B23: Amount | C23: Via NWO | D23: Via institute
A24: NWO funding | B24: =Total_NWO_funding -> 0 | C24: =Total_NWO_funding -> 0 | D24: N/A
A25: In-kind cofunding | B25: =Total_cofunding_inkind -> 0 | C25: N/A | D25: N/A
A26: Investments via institute | B26: =Total_invest_by_KI -> 0 | C26: N/A | D26: =Total_invest_by_KI -> 0
A27: In-cash cofunding | B27: =Total_cofunding_incash -> 0 | C27: =IF(cash_invoice="NWO",Total_cofunding_incash,0) -> 0 | D27: =Total_cofunding_incash-C27 -> 0
A28: Project fee | B28: =Total_projectfee -> 0 | C28: =IF(cash_invoice="NWO",Total_projectfee,0) -> 0 | D28: =Total_projectfee-C28 -> 0
A29: TKI/PPS-allowance | B29: =Total_TKI_PPS_allowance -> 0 | C29: =Total_TKI_PPS_allowance -> 0 | D29: =Total_TKI_PPS_allowance-C29 -> 0
A30: -Total in-cash | B30: =Total_invest_by_KI+Total_incash_cofunding+Total_projectfee+Total_TKI_PPS_allowance -> 0 | C30: =SUM(C26:C28) -> 0 | D30: =SUM(D25:D28) -> 0
A31: Total funding | B31: =SUM(B24:B29) -> 0 | C31: =SUM(C24:C29) -> 0 | D31: =SUM(D24:D29) -> 0
A33: Total project budget | B33: =Total_resources+Total_cofunding_inkind -> 0
A34: Total requested NWO budget | B34: =Total_NWO_funding -> 0
A35: Total via NWO (for tranches) | B35: =Total_cash_via_NWO -> 0
A37: Required resources per organisation type (excl. investments by inst.) | G37: =IFERROR(MATCH("Co-funding",Budget!A1:A8086,0),999) -> 999 | I37: Cofunding per organisation type (excl TKI/PPS-allowance)
A38: Organisation type | B38: Amount | I38: Organisation type | J38: Amount
A39: University | B39: =SUMIF(INDIRECT("Budget!F1:F"&row_cofunding),A39,INDIRECT("Budget!H1:H"&row_cofunding)) -> 0 | I39: Association Public | J39: =IFERROR(SUMIF(INDIRECT("Budget!F"&row_cofunding&":F9999"),I39,INDIRECT("Budget!H"&row_cofunding&":H99999")),"-") -> 0
A40: UMC | B40: =SUMIF(INDIRECT("Budget!F1:F"&row_cofunding),A40,INDIRECT("Budget!H1:H"&row_cofunding)) -> 0 | I40: Association Private | J40: =IFERROR(SUMIF(INDIRECT("Budget!F"&row_cofunding&":F9999"),I40,INDIRECT("Budget!H"&row_cofunding&":H99999")),"-") -> 0
A41: NWO institute | B41: =SUMIF(INDIRECT("Budget!F1:F"&row_cofunding),A41,INDIRECT("Budget!H1:H"&row_cofunding)) -> 0 | I41: Business micro | J41: =IFERROR(SUMIF(INDIRECT("Budget!F"&row_cofunding&":F9999"),I41,INDIRECT("Budget!H"&row_cofunding&":H99999")),"-") -> 0
A42: KNAW institute | B42: =SUMIF(INDIRECT("Budget!F1:F"&row_cofunding),A42,INDIRECT("Budget!H1:H"&row_cofunding)) -> 0 | I42: Business SME | J42: =IFERROR(SUMIF(INDIRECT("Budget!F"&row_cofunding&":F9999"),I42,INDIRECT("Budget!H"&row_cofunding&":H99999")),"-") -> 0
A43: University of applied sciences | B43: =SUMIF(INDIRECT("Budget!F1:F"&row_cofunding),A43,INDIRECT("Budget!H1:H"&row_cofunding)) -> 0 | I43: Business large | J43: =IFERROR(SUMIF(INDIRECT("Budget!F"&row_cofunding&":F9999"),I43,INDIRECT("Budget!H"&row_cofunding&":H99999")),"-") -> 0
A44: TO2 institute | B44: =SUMIF(INDIRECT("Budget!F1:F"&row_cofunding),A44,INDIRECT("Budget!H1:H"&row_cofunding)) -> 0 | I44: Citizen initiative | J44: =IFERROR(SUMIF(INDIRECT("Budget!F"&row_cofunding&":F9999"),I44,INDIRECT("Budget!H"&row_cofunding&":H99999")),"-") -> 0
A45: Netherlands Cancer Institute | B45: =SUMIF(INDIRECT("Budget!F1:F"&row_cofunding),A45,INDIRECT("Budget!H1:H"&row_cofunding)) -> 0 | I45: Foundation Public | J45: =IFERROR(SUMIF(INDIRECT("Budget!F"&row_cofunding&":F9999"),I45,INDIRECT("Budget!H"&row_cofunding&":H99999")),"-") -> 0
A46: Max Planck Institute for Psycholinguistics | B46: =SUMIF(INDIRECT("Budget!F1:F"&row_cofunding),A46,INDIRECT("Budget!H1:H"&row_cofunding)) -> 0 | I46: Foundation Private | J46: =IFERROR(SUMIF(INDIRECT("Budget!F"&row_cofunding&":F9999"),I46,INDIRECT("Budget!H"&row_cofunding&":H99999")),"-") -> 0
A47: DUBBLE Beamline at the ESRF | B47: =SUMIF(INDIRECT("Budget!F1:F"&row_cofunding),A47,INDIRECT("Budget!H1:H"&row_cofunding)) -> 0 | I47: Governmental organisation | J47: =IFERROR(SUMIF(INDIRECT("Budget!F"&row_cofunding&":F9999"),I47,INDIRECT("Budget!H"&row_cofunding&":H99999")),"-") -> 0
A48: NCB Naturalis | B48: =SUMIF(INDIRECT("Budget!F1:F"&row_cofunding),A48,INDIRECT("Budget!H1:H"&row_cofunding)) -> 0 | I48: Healthcare organisation Public | J48: =IFERROR(SUMIF(INDIRECT("Budget!F"&row_cofunding&":F9999"),I48,INDIRECT("Budget!H"&row_cofunding&":H99999")),"-") -> 0
A49: ARCNL | B49: =SUMIF(INDIRECT("Budget!F1:F"&row_cofunding),A49,INDIRECT("Budget!H1:H"&row_cofunding)) -> 0 | I49: Healthcare organisation Private | J49: =IFERROR(SUMIF(INDIRECT("Budget!F"&row_cofunding&":F9999"),I49,INDIRECT("Budget!H"&row_cofunding&":H99999")),"-") -> 0
A50: Prinses Máxima Center for pediatric oncology | B50: =SUMIF(INDIRECT("Budget!F1:F"&row_cofunding),A50,INDIRECT("Budget!H1:H"&row_cofunding)) -> 0 | I50: NGO | J50: =IFERROR(SUMIF(INDIRECT("Budget!F"&row_cofunding&":F9999"),I50,INDIRECT("Budget!H"&row_cofunding&":H99999")),"-") -> 0
... A56: Association | B56: =SUMIF(INDIRECT("Budget!F1:F"&row_cofunding),A56,INDIRECT("Budget!H1:H"&row_cofunding)) -> 0 | I56: Other Private | J56: =IFERROR(SUMIF(INDIRECT("Budget!F"&row_cofunding&":F9999"),I56,INDIRECT("Budget!H"&row_cofunding&":H99999")),"-") -> 0
A57: Other | B57: =SUMIF(INDIRECT("Budget!F1:F"&row_cofunding),A57,INDIRECT("Budget!H1:H"&row_cofunding)) -> 0

Sheet Budget
A1: KIN Pact netwerksubsidie 2026 | I1: Notes on budget format: - Only the blue-marked fields should be filled in; - Under ‘Organisation type’, please select the type of the beneficiary organisation (in case of main or co-applicants) or type of co-funding organisation (in case of a co-funder); - In case you do not have to pay VAT because of own appointments, VAT cannot be included in the budget; - You may wish to consult the instruction manual on this budget form, which can be found on the website of this call.
A2: Date: | C2: Main applicant:
A3: Name organisation main applicant:
A4: Type organisation main applicant:
A5: Project title: | I5: =IF(AND(Total_NWO_funding>0,Project_title=""),checks!$B$118,"")
A6: File number (filled in by NWO):
A7: Start and end date: | C7: until | I7: =combined_dates[Combined notes start/end date]
A8: Duration proposed project in months: | B8: =IF(OR(ISBLANK(startdate),ISBLANK(enddate)),"",ROUND(IF(ISERROR(YEARFRAC(startdate,enddate)*12),"",(YEARFRAC(startdate,enddate,1)*12)),1)) | I8: =IF(AND(LEN(project_duration)>0,project_duration>Max_project_duration),checks!B124,"")
A10: Summary | H10: Totals
A11: Total funding | H11: =Total_personnel_costs+Total_material_costs+Total_internationalisation+Total_MfC -> 0 | I11: =IF(Total_NWO_funding>Max_NWO_funding,checks!$B$126,IF(AND(Total_NWO_funding<Min_NWO_funding,Total_NWO_funding<>0),checks!$B$125,""))
A13: Personnel costs
A14: Personnel other institutes | I14: Provide 1 position per row.
A15: Description | B15: Scale | C15: Total # hrs | D15: Hourly rate | E15: Months | F15: Organisation type | G15: Name organisation | H15: Amount
H16: =IF(pers_other_inst_2021[[#This Row],[Hourly rate]]*pers_other_inst_2021[[#This Row],[Total '# hrs]]>0,pers_other_inst_2021[[#This Row],[Hourly rate]]*pers_other_inst_2021[[#This Row],[Total '# hrs]],"") | I16: =checks!B416
A17: Test | H17: =IF(pers_other_inst_2021[[#This Row],[Hourly rate]]*pers_other_inst_2021[[#This Row],[Total '# hrs]]>0,pers_other_inst_2021[[#This Row],[Hourly rate]]*pers_other_inst_2021[[#This Row],[Total '# hrs]],"") | I17: =checks!B417
A18: Test | H18: =IF(pers_other_inst_2021[[#This Row],[Hourly rate]]*pers_other_inst_2021[[#This Row],[Total '# hrs]]>0,pers_other_inst_2021[[#This Row],[Hourly rate]]*pers_other_inst_2021[[#This Row],[Total '# hrs]],"") | I18: =checks!B418
A19: Test | H19: =IF(pers_other_inst_2021[[#This Row],[Hourly rate]]*pers_other_inst_2021[[#This Row],[Total '# hrs]]>0,pers_other_inst_2021[[#This Row],[Hourly rate]]*pers_other_inst_2021[[#This Row],[Total '# hrs]],"") | I19: =checks!B419
I20: =checks!B420
H21: =IF(pers_other_inst_2021[[#This Row],[Hourly rate]]*pers_other_inst_2021[[#This Row],[Total '# hrs]]>0,pers_other_inst_2021[[#This Row],[Hourly rate]]*pers_other_inst_2021[[#This Row],[Total '# hrs]],"") | I21: =checks!B421
H22: =IF(pers_other_inst_2021[[#This Row],[Hourly rate]]*pers_other_inst_2021[[#This Row],[Total '# hrs]]>0,pers_other_inst_2021[[#This Row],[Hourly rate]]*pers_other_inst_2021[[#This Row],[Total '# hrs]],"") | I22: =checks!B422
H23: =IF(pers_other_inst_2021[[#This Row],[Hourly rate]]*pers_other_inst_2021[[#This Row],[Total '# hrs]]>0,pers_other_inst_2021[[#This Row],[Hourly rate]]*pers_other_inst_2021[[#This Row],[Total '# hrs]],"") | I23: =checks!B423
H24: =IF(pers_other_inst_2021[[#This Row],[Hourly rate]]*pers_other_inst_2021[[#This Row],[Total '# hrs]]>0,pers_other_inst_2021[[#This Row],[Hourly rate]]*pers_other_inst_2021[[#This Row],[Total '# hrs]],"") | I24: =checks!B424
H25: =IF(pers_other_inst_2021[[#This Row],[Hourly rate]]*pers_other_inst_2021[[#This Row],[Total '# hrs]]>0,pers_other_inst_2021[[#This Row],[Hourly rate]]*pers_other_inst_2021[[#This Row],[Total '# hrs]],"") | I25: =checks!B425
H26: =IF(pers_other_inst_2021[[#This Row],[Hourly rate]]*pers_other_inst_2021[[#This Row],[Total '# hrs]]>0,pers_other_inst_2021[[#This Row],[Hourly rate]]*pers_other_inst_2021[[#This Row],[Total '# hrs]],"") | I26: =checks!B426
H27: =IF(pers_other_inst_2021[[#This Row],[Hourly rate]]*pers_other_inst_2021[[#This Row],[Total '# hrs]]>0,pers_other_inst_2021[[#This Row],[Hourly rate]]*pers_other_inst_2021[[#This Row],[Total '# hrs]],"") | I27: =checks!B427
H28: =IF(pers_other_inst_2021[[#This Row],[Hourly rate]]*pers_other_inst_2021[[#This Row],[Total '# hrs]]>0,pers_other_inst_2021[[#This Row],[Hourly rate]]*pers_other_inst_2021[[#This Row],[Total '# hrs]],"") | I28: =checks!B428
H29: =IF(pers_other_inst_2021[[#This Row],[Hourly rate]]*pers_other_inst_2021[[#This Row],[Total '# hrs]]>0,pers_other_inst_2021[[#This Row],[Hourly rate]]*pers_other_inst_2021[[#This Row],[Total '# hrs]],"") | I29: =checks!B429
H30: =IF(pers_other_inst_2021[[#This Row],[Hourly rate]]*pers_other_inst_2021[[#This Row],[Total '# hrs]]>0,pers_other_inst_2021[[#This Row],[Hourly rate]]*pers_other_inst_2021[[#This Row],[Total '# hrs]],"") | I30: =checks!B430
H31: =IF(pers_other_inst_2021[[#This Row],[Hourly rate]]*pers_other_inst_2021[[#This Row],[Total '# hrs]]>0,pers_other_inst_2021[[#This Row],[Hourly rate]]*pers_other_inst_2021[[#This Row],[Total '# hrs]],"") | I31: =checks!B431
H32: =IF(pers_other_inst_2021[[#This Row],[Hourly rate]]*pers_other_inst_2021[[#This Row],[Total '# hrs]]>0,pers_other_inst_2021[[#This Row],[Hourly rate]]*pers_other_inst_2021[[#This Row],[Total '# hrs]],"") | I32: =checks!B432
... H35: =IF(pers_other_inst_2021[[#This Row],[Hourly rate]]*pers_other_inst_2021[[#This Row],[Total '# hrs]]>0,pers_other_inst_2021[[#This Row],[Hourly rate]]*pers_other_inst_2021[[#This Row],[Total '# hrs]],"") | I35: =checks!B435
G36: Sub total: | H36: =SUM(pers_other_inst_2021[Amount]) -> 0
G37: Total personnel costs: | H37: =Total_personnel_ac_institutes+Total_benchfee+Total_personnel_other+Total_other_inst_2021 -> 0
A39: Material costs
A40: Project-related goods/services
A41: Description | F41: Organisation type | G41: Name organisation | H41: Amount
I42: =IF(AND(goods_services[[#This Row],[Amount]]>0,organisation_type="yes",goods_services[[#This Row],[Organisation type]]=""),checks!$B$146,IF(AND(goods_services[[#This Row],[Amount]]>0,organisation_name="yes",goods_services[[#This Row],[Name organisation]]=""),checks!$B$147,IF(AND(LEN(goods_services[[#This Row],[Description]])>0,LEN(A41)=0),checks!$B$127,"")))
I43: =IF(AND(goods_services[[#This Row],[Amount]]>0,organisation_type="yes",goods_services[[#This Row],[Organisation type]]=""),checks!$B$146,IF(AND(goods_services[[#This Row],[Amount]]>0,organisation_name="yes",goods_services[[#This Row],[Name organisation]]=""),checks!$B$147,IF(AND(LEN(goods_services[[#This Row],[Description]])>0,LEN(A42)=0),checks!$B$127,"")))
I44: =IF(AND(goods_services[[#This Row],[Amount]]>0,organisation_type="yes",goods_services[[#This Row],[Organisation type]]=""),checks!$B$146,IF(AND(goods_services[[#This Row],[Amount]]>0,organisation_name="yes",goods_services[[#This Row],[Name organisation]]=""),checks!$B$147,IF(AND(LEN(goods_services[[#This Row],[Description]])>0,LEN(A43)=0),checks!$B$127,"")))
I45: =IF(AND(goods_services[[#This Row],[Amount]]>0,organisation_type="yes",goods_services[[#This Row],[Organisation type]]=""),checks!$B$146,IF(AND(goods_services[[#This Row],[Amount]]>0,organisation_name="yes",goods_services[[#This Row],[Name organisation]]=""),checks!$B$147,IF(AND(LEN(goods_services[[#This Row],[Description]])>0,LEN(A44)=0),checks!$B$127,"")))
I46: =IF(AND(goods_services[[#This Row],[Amount]]>0,organisation_type="yes",goods_services[[#This Row],[Organisation type]]=""),checks!$B$146,IF(AND(goods_services[[#This Row],[Amount]]>0,organisation_name="yes",goods_services[[#This Row],[Name organisation]]=""),checks!$B$147,IF(AND(LEN(goods_services[[#This Row],[Description]])>0,LEN(A45)=0),checks!$B$127,"")))
I47: =IF(AND(goods_services[[#This Row],[Amount]]>0,organisation_type="yes",goods_services[[#This Row],[Organisation type]]=""),checks!$B$146,IF(AND(goods_services[[#This Row],[Amount]]>0,organisation_name="yes",goods_services[[#This Row],[Name organisation]]=""),checks!$B$147,IF(AND(LEN(goods_services[[#This Row],[Description]])>0,LEN(A46)=0),checks!$B$127,"")))
I48: =IF(AND(goods_services[[#This Row],[Amount]]>0,organisation_type="yes",goods_services[[#This Row],[Organisation type]]=""),checks!$B$146,IF(AND(goods_services[[#This Row],[Amount]]>0,organisation_name="yes",goods_services[[#This Row],[Name organisation]]=""),checks!$B$147,IF(AND(LEN(goods_services[[#This Row],[Description]])>0,LEN(A47)=0),checks!$B$127,"")))
I49: =IF(AND(goods_services[[#This Row],[Amount]]>0,organisation_type="yes",goods_services[[#This Row],[Organisation type]]=""),checks!$B$146,IF(AND(goods_services[[#This Row],[Amount]]>0,organisation_name="yes",goods_services[[#This Row],[Name organisation]]=""),checks!$B$147,IF(AND(LEN(goods_services[[#This Row],[Description]])>0,LEN(A48)=0),checks!$B$127,"")))
I50: =IF(AND(goods_services[[#This Row],[Amount]]>0,organisation_type="yes",goods_services[[#This Row],[Organisation type]]=""),checks!$B$146,IF(AND(goods_services[[#This Row],[Amount]]>0,organisation_name="yes",goods_services[[#This Row],[Name organisation]]=""),checks!$B$147,IF(AND(LEN(goods_services[[#This Row],[Description]])>0,LEN(A49)=0),checks!$B$127,"")))
I51: =IF(AND(goods_services[[#This Row],[Amount]]>0,organisation_type="yes",goods_services[[#This Row],[Organisation type]]=""),checks!$B$146,IF(AND(goods_services[[#This Row],[Amount]]>0,organisation_name="yes",goods_services[[#This Row],[Name organisation]]=""),checks!$B$147,IF(AND(LEN(goods_services[[#This Row],[Description]])>0,LEN(A50)=0),checks!$B$127,"")))
I52: =IF(AND(goods_services[[#This Row],[Amount]]>0,organisation_type="yes",goods_services[[#This Row],[Organisation type]]=""),checks!$B$146,IF(AND(goods_services[[#This Row],[Amount]]>0,organisation_name="yes",goods_services[[#This Row],[Name organisation]]=""),checks!$B$147,IF(AND(LEN(goods_services[[#This Row],[Description]])>0,LEN(A51)=0),checks!$B$127,"")))
I53: =IF(AND(goods_services[[#This Row],[Amount]]>0,organisation_type="yes",goods_services[[#This Row],[Organisation type]]=""),checks!$B$146,IF(AND(goods_services[[#This Row],[Amount]]>0,organisation_name="yes",goods_services[[#This Row],[Name organisation]]=""),checks!$B$147,IF(AND(LEN(goods_services[[#This Row],[Description]])>0,LEN(A52)=0),checks!$B$127,"")))
... I56: =IF(AND(goods_services[[#This Row],[Amount]]>0,organisation_type="yes",goods_services[[#This Row],[Organisation type]]=""),checks!$B$146,IF(AND(goods_services[[#This Row],[Amount]]>0,organisation_name="yes",goods_services[[#This Row],[Name organisation]]=""),checks!$B$147,IF(AND(LEN(goods_services[[#This Row],[Description]])>0,LEN(A55)=0),checks!$B$127,"")))
G57: Sub total: | H57: =SUM(goods_services[Amount]) -> 0
A58: Travel and accommodation costs
A59: Description | F59: Organisation type | G59: Name organisation | H59: Amount
I60: =IF(AND(travel_acc[[#This Row],[Amount]]>0,organisation_type="yes",travel_acc[[#This Row],[Organisation type]]=""),checks!$B$146,IF(AND(travel_acc[[#This Row],[Amount]]>0,organisation_name="yes",travel_acc[[#This Row],[Name organisation]]=""),checks!$B$147,IF(AND(LEN(travel_acc[[#This Row],[Description]])>0,LEN(A59)=0),checks!$B$127,"")))
I61: =IF(AND(travel_acc[[#This Row],[Amount]]>0,organisation_type="yes",travel_acc[[#This Row],[Organisation type]]=""),checks!$B$146,IF(AND(travel_acc[[#This Row],[Amount]]>0,organisation_name="yes",travel_acc[[#This Row],[Name organisation]]=""),checks!$B$147,IF(AND(LEN(travel_acc[[#This Row],[Description]])>0,LEN(A60)=0),checks!$B$127,"")))
I62: =IF(AND(travel_acc[[#This Row],[Amount]]>0,organisation_type="yes",travel_acc[[#This Row],[Organisation type]]=""),checks!$B$146,IF(AND(travel_acc[[#This Row],[Amount]]>0,organisation_name="yes",travel_acc[[#This Row],[Name organisation]]=""),checks!$B$147,IF(AND(LEN(travel_acc[[#This Row],[Description]])>0,LEN(A61)=0),checks!$B$127,"")))
I63: =IF(AND(travel_acc[[#This Row],[Amount]]>0,organisation_type="yes",travel_acc[[#This Row],[Organisation type]]=""),checks!$B$146,IF(AND(travel_acc[[#This Row],[Amount]]>0,organisation_name="yes",travel_acc[[#This Row],[Name organisation]]=""),checks!$B$147,IF(AND(LEN(travel_acc[[#This Row],[Description]])>0,LEN(A62)=0),checks!$B$127,"")))
I64: =IF(AND(travel_acc[[#This Row],[Amount]]>0,organisation_type="yes",travel_acc[[#This Row],[Organisation type]]=""),checks!$B$146,IF(AND(travel_acc[[#This Row],[Amount]]>0,organisation_name="yes",travel_acc[[#This Row],[Name organisation]]=""),checks!$B$147,IF(AND(LEN(travel_acc[[#This Row],[Description]])>0,LEN(A63)=0),checks!$B$127,"")))
I65: =IF(AND(travel_acc[[#This Row],[Amount]]>0,organisation_type="yes",travel_acc[[#This Row],[Organisation type]]=""),checks!$B$146,IF(AND(travel_acc[[#This Row],[Amount]]>0,organisation_name="yes",travel_acc[[#This Row],[Name organisation]]=""),checks!$B$147,IF(AND(LEN(travel_acc[[#This Row],[Description]])>0,LEN(A64)=0),checks!$B$127,"")))
I66: =IF(AND(travel_acc[[#This Row],[Amount]]>0,organisation_type="yes",travel_acc[[#This Row],[Organisation type]]=""),checks!$B$146,IF(AND(travel_acc[[#This Row],[Amount]]>0,organisation_name="yes",travel_acc[[#This Row],[Name organisation]]=""),checks!$B$147,IF(AND(LEN(travel_acc[[#This Row],[Description]])>0,LEN(A65)=0),checks!$B$127,"")))
I67: =IF(AND(travel_acc[[#This Row],[Amount]]>0,organisation_type="yes",travel_acc[[#This Row],[Organisation type]]=""),checks!$B$146,IF(AND(travel_acc[[#This Row],[Amount]]>0,organisation_name="yes",travel_acc[[#This Row],[Name organisation]]=""),checks!$B$147,IF(AND(LEN(travel_acc[[#This Row],[Description]])>0,LEN(A66)=0),checks!$B$127,"")))
I68: =IF(AND(travel_acc[[#This Row],[Amount]]>0,organisation_type="yes",travel_acc[[#This Row],[Organisation type]]=""),checks!$B$146,IF(AND(travel_acc[[#This Row],[Amount]]>0,organisation_name="yes",travel_acc[[#This Row],[Name organisation]]=""),checks!$B$147,IF(AND(LEN(travel_acc[[#This Row],[Description]])>0,LEN(A67)=0),checks!$B$127,"")))
I69: =IF(AND(travel_acc[[#This Row],[Amount]]>0,organisation_type="yes",travel_acc[[#This Row],[Organisation type]]=""),checks!$B$146,IF(AND(travel_acc[[#This Row],[Amount]]>0,organisation_name="yes",travel_acc[[#This Row],[Name organisation]]=""),checks!$B$147,IF(AND(LEN(travel_acc[[#This Row],[Description]])>0,LEN(A68)=0),checks!$B$127,"")))
G70: Sub total: | H70: =SUM(travel_acc[Amount]) -> 0
A71: Other costs
A72: Description | F72: Organisation type | G72: Name organisation | H72: Amount
I73: =IF(AND(implementation[[#This Row],[Amount]]>0,organisation_type="yes",implementation[[#This Row],[Organisation type]]=""),checks!$B$146,IF(AND(implementation[[#This Row],[Amount]]>0,organisation_name="yes",implementation[[#This Row],[Name organisation]]=""),checks!$B$147,IF(AND(LEN(implementation[[#This Row],[Description]])>0,LEN($A72)=0),checks!$B$127,"")))
I74: =IF(AND(implementation[[#This Row],[Amount]]>0,organisation_type="yes",implementation[[#This Row],[Organisation type]]=""),checks!$B$146,IF(AND(implementation[[#This Row],[Amount]]>0,organisation_name="yes",implementation[[#This Row],[Name organisation]]=""),checks!$B$147,IF(AND(LEN(implementation[[#This Row],[Description]])>0,LEN($A73)=0),checks!$B$127,"")))
I75: =IF(AND(implementation[[#This Row],[Amount]]>0,organisation_type="yes",implementation[[#This Row],[Organisation type]]=""),checks!$B$146,IF(AND(implementation[[#This Row],[Amount]]>0,organisation_name="yes",implementation[[#This Row],[Name organisation]]=""),checks!$B$147,IF(AND(LEN(implementation[[#This Row],[Description]])>0,LEN($A74)=0),checks!$B$127,"")))
I76: =IF(AND(implementation[[#This Row],[Amount]]>0,organisation_type="yes",implementation[[#This Row],[Organisation type]]=""),checks!$B$146,IF(AND(implementation[[#This Row],[Amount]]>0,organisation_name="yes",implementation[[#This Row],[Name organisation]]=""),checks!$B$147,IF(AND(LEN(implementation[[#This Row],[Description]])>0,LEN($A75)=0),checks!$B$127,"")))
I77: =IF(AND(implementation[[#This Row],[Amount]]>0,organisation_type="yes",implementation[[#This Row],[Organisation type]]=""),checks!$B$146,IF(AND(implementation[[#This Row],[Amount]]>0,organisation_name="yes",implementation[[#This Row],[Name organisation]]=""),checks!$B$147,IF(AND(LEN(implementation[[#This Row],[Description]])>0,LEN($A76)=0),checks!$B$127,"")))
I78: =IF(AND(implementation[[#This Row],[Amount]]>0,organisation_type="yes",implementation[[#This Row],[Organisation type]]=""),checks!$B$146,IF(AND(implementation[[#This Row],[Amount]]>0,organisation_name="yes",implementation[[#This Row],[Name organisation]]=""),checks!$B$147,IF(AND(LEN(implementation[[#This Row],[Description]])>0,LEN($A77)=0),checks!$B$127,"")))
I79: =IF(AND(implementation[[#This Row],[Amount]]>0,organisation_type="yes",implementation[[#This Row],[Organisation type]]=""),checks!$B$146,IF(AND(implementation[[#This Row],[Amount]]>0,organisation_name="yes",implementation[[#This Row],[Name organisation]]=""),checks!$B$147,IF(AND(LEN(implementation[[#This Row],[Description]])>0,LEN($A78)=0),checks!$B$127,"")))
I80: =IF(AND(implementation[[#This Row],[Amount]]>0,organisation_type="yes",implementation[[#This Row],[Organisation type]]=""),checks!$B$146,IF(AND(implementation[[#This Row],[Amount]]>0,organisation_name="yes",implementation[[#This Row],[Name organisation]]=""),checks!$B$147,IF(AND(LEN(implementation[[#This Row],[Description]])>0,LEN($A79)=0),checks!$B$127,"")))
I81: =IF(AND(implementation[[#This Row],[Amount]]>0,organisation_type="yes",implementation[[#This Row],[Organisation type]]=""),checks!$B$146,IF(AND(implementation[[#This Row],[Amount]]>0,organisation_name="yes",implementation[[#This Row],[Name organisation]]=""),checks!$B$147,IF(AND(LEN(implementation[[#This Row],[Description]])>0,LEN($A80)=0),checks!$B$127,"")))
I82: =IF(AND(implementation[[#This Row],[Amount]]>0,organisation_type="yes",implementation[[#This Row],[Organisation type]]=""),checks!$B$146,IF(AND(implementation[[#This Row],[Amount]]>0,organisation_name="yes",implementation[[#This Row],[Name organisation]]=""),checks!$B$147,IF(AND(LEN(implementation[[#This Row],[Description]])>0,LEN($A81)=0),checks!$B$127,"")))
G83: Sub total: | H83: =SUM(implementation[Amount]) -> 0
G84: Total material costs: | H84: =Total_goods_services+Total_travel_acc+Total_implementation+Total_cleanroom -> 0 | I84: =IF(Total_material_costs>FTE_year_PhD_PD*Mat_max_FTE_year+pers_other_years_materials*Mat_max_FTE_year_other_inst+mat_costs_accountant+Total_cleanroom,checks!$B$157,"")
G87: Total Money follows Cooperation: | H87: =Total_MfC_pers_ac_inst+Total_MfC_materials -> 0 | I87: =IF(AND(Total_MfC_materials+Total_MfC_pers_ac_inst>MfC_maxamount,Total_NWO_funding>0),checks!$B$177,IF(AND(Total_MfC_materials+Total_MfC_pers_ac_inst>MfC_maxperc*Total_NWO_funding,Total_NWO_funding>0),checks!$B$178,""))

Sheet parameters
A2: General parameters
A3: File originally created: | B3: 45630.576
A4: Min NWO funding | B4: 0
A5: Threshold amount investments for investment nature | B5: N/A
A6: Max NWO funding - without investment nature | B6: N/A
A7: Max NWO funding - with investment nature | B7: N/A
A8: Max NWO funding | B8: 30000
A9: Max project duration [months] | B9: 12
A10: Organisation type applicable | B10: yes | C10: yes: column to specify organisation type
A11: Organisation name applicable | B11: yes | C11: yes: column to provide organisation name
A12: Allow empty lines in between budget posts | B12: yes | C12: if no: warning appears in Budget sheet with empty lines
A14: Personnel
A15: date VSNU rates | B15: 45474
A16: date NFU rates | B16: 45413
A17: Min (equiv.) duration PhD [months] | B17: 48 | C17: per individual budget post
A18: Max (equiv) duration PhD [months] | B18: 48 | C18: per individual budget post
A19: Min (equiv.) duration 3-year PhD [months] | B19: 36 | C19: per individual budget post
A20: Max (equiv.) duration PDEng [months] | B20: 24 | C20: per individual budget post
A21: Min (equiv.) duration PD [months] | B21: 6 | C21: per individual budget post
A22: Max (equiv.) duration PD [months] | B22: 48 | C22: per individual budget post
A23: Maximum amount Non-Scientific Personnel | B23: 100000
A24: Min (equiv) duration NSP position [months] | B24: 6 | C24: per individual budget post
A25: Max (equiv) duration NSP position [months] | B25: 48 | C25: per individual budget post
A26: Maximum amount Other scientific personnel | B26: 100000
A27: Min (equiv) duration OSP position [months] | B27: 6 | C27: per individual budget post
A28: Max (equiv) duration OSP position [months] | B28: 48 | C28: per individual budget post
A29: Research leave - max perc of NWO funding | B29: 1
A30: Research leave - max duration [eq. months] | B30: 5 | C30: per individual budget post
A31: Benchfee amount | B31: 5000 | C31: per position
A32: date HOT rates | B32: 2026
A33: Type HOT rates | B33: Cost Plus
A34: Section CfP max tariffs personell other institutes. | B34: 3.2.1
A35: # hours/year for non-academic personnel | B35: 1354
A37: Materials
A38: Maximum allowed requested amount /FTE /year PostDoc/PhD/PDEng | B38: 30000
A39: Minimum nr of months appointment of non-academic researcher to allow for material budget | B39: 0
A40: Minimum FTE of non-academic researcher to allow for material budget | B40: 0
A41: Maximum allowed requested material budget per non-academic researcher, per year of appointment | B41: 30000
A42: Costs accountant | B42: 0
A43: Minimum total costs cleanroom (if >€ 0) | B43: 40000
A44: Maximum total costs cleanroom | B44: 150000
A46: Investments
A47: Own contribution applicable? | B47: no
A48: Maximum amount without own contribution | B48: 150000
A49: Min % own contribution above threshold amount | B49: 0.25
A50: Min total amount investments | B50: 0
A51: Max total amount investments | B51: 500000
A53: Knowledge Utilisation and Entrepeneurship
A54: Minimal amount, % of NWO contribution | B54: 0
A55: Max amount KU and Entrepeneurship | B55: 30000
A56: Max amount KU | B56: 30000
A57: Min amount KU, % of NWO contribution | B57: 0.05
A58: Max amount KU, % of NWO contribution | B58: 0.06
A60: Internationalisation and Money follows Cooperation
A61: Max amount Internationalisation and MfC | B61: 99999999
A62: Max amount Int + MfC, % of NWO contribution | B62: 1
A63: Max amount Internationalisation | B63: 30000
A64: Max amount Internationalisation, % of NWO contribution | B64: 1
A65: Max amount MfC | B65: 30000
A66: Max amount MfC, % of NWO contribution | B66: 0.5
A68: Project management
A69: Max amount, % of NWO contribution | B69: 0.25
A70: Minimal threshold NWO funding above which Proj Mngmt may be requested | B70: 30000
A72: Co-funding
A73: Threshold amount min. Cofunding | B73: 0
A74: Min % co-funding, of total project budget | B74: 0.25
A75: Max % co-funding, of total project budget | B75: 0.49
A76: Min % in-cash co-funding, of total project budget | B76: 0
A77: Min % of private co-funding, of total project budget | B77: N/A
A78: Default hourly rates apply for in-kind? | B78: no
A79: Hourly rate junior researcher | B79: N/A
A80: Hourly rate senior researcher | B80: N/A
A81: Invoicing via NWO/knowledge institute | B81: knowledge institute
A85: Salary table VSNU/NFU
A87: category | B87: instruction | C87: 1 | D87: 2 | E87: 3 | F87: 4 | G87: 5 | H87: 6 | I87: 7 | J87: 8 | K87: 9 | L87: 10 | M87: 11 | N87: 12 | O87: 13 | P87: 14 | Q87: 15 | R87: 16 | S87: 17 | T87: 18 | U87: 19 | V87: 20 | W87: 21 | X87: 22 | Y87: 23 | Z87: 24 | AA87: 25 | AB87: 26 | AC87: 27 | AD87: 28 | AE87: 29 | AF87: 30 | AG87: 31 | AH87: 32 | AI87: 33 | AJ87: 34 | AK87: 35 | AL87: 36 | AM87: 37 | AN87: 38 | AO87: 39 | AP87: 40 | AQ87: 41 | AR87: 42 | AS87: 43 | AT87: 44 | AU87: 45 | AV87: 46 | AW87: 47 | AX87: 48 | AY87: 49 | AZ87: 50 | BA87: 51 | BB87: 52 | BC87: 53 | BD87: 54 | BE87: 55 | BF87: 56 | BG87: 57 | BH87: 58 | BI87: 59 | BJ87: 60 | BK87: 61 | BL87: 62 | BM87: 63 | BN87: 64 | BO87: 65 | BP87: 66 | BQ87: 67 | BR87: 68 | BS87: 69 | BT87: 70 | BU87: 71 | BV87: 72 | BW87: 73 | BX87: 74 | BY87: 75 | BZ87: 76 | CA87: 77 | CB87: 78 | CC87: 79 | CD87: 80 | CE87: 81 | CF87: 82 | CG87: 83 | CH87: 84 | CI87: 85 | CJ87: 86 | CK87: 87 | CL87: 88 | CM87: 89 | CN87: 90 | CO87: 91 | CP87: 92 | CQ87: 93 | CR87: 94 | CS87: 95 | CT87: 96
A88: VSNU - PhD | B88: provide FTE and months. | C88: 4000 | D88: 8000 | E88: 12000 | F88: 16000 | G88: 20000 | H88: 24001 | I88: 28001 | J88: 32001 | K88: 36001 | L88: 40001 | M88: 44001 | N88: 52001 | O88: 57220 | P88: 62438 | Q88: 67657 | R88: 72875 | S88: 78094 | T88: 83312 | U88: 88531 | V88: 93749 | W88: 98968 | X88: 104186 | Y88: 109405 | Z88: 114623 | AA88: 120190 | AB88: 125756 | AC88: 131323 | AD88: 136890 | AE88: 142456 | AF88: 148023 | AG88: 153590 | AH88: 159156 | AI88: 164723 | AJ88: 170290 | AK88: 175856 | AL88: 181423 | AM88: 187415 | AN88: 193407 | AO88: 199399 | AP88: 205391 | AQ88: 211383 | AR88: 217376 | AS88: 223368 | AT88: 229360 | AU88: 235352 | AV88: 241344 | AW88: 247336 | AX88: 253328 | AY88: 259396 | AZ88: 265464 | BA88: 271532 | BB88: 277600 | BC88: 283668 | BD88: 289736 | BE88: 295803 | BF88: 301871 | BG88: 307939 | BH88: 314007 | BI88: 320075 | BJ88: 326143 | BK88: 332351 | BL88: 338560 | BM88: 344768 | BN88: 350976 | BO88: 357185 | BP88: 363393 | BQ88: 369601 | BR88: 375810 | BS88: 382018 | BT88: 388226 | BU88: 394435 | BV88: 400643 | BW88: 406995 | BX88: 413347 | BY88: 419699 | BZ88: 426051 | CA88: 432403 | CB88: 438755 | CC88: 445107 | CD88: 451459 | CE88: 457811 | CF88: 464163 | CG88: 470515 | CH88: 476867 | CI88: 483366 | CJ88: 489865 | CK88: 496364 | CL88: 502863 | CM88: 509362 | CN88: 515861 | CO88: 522360 | CP88: 528859 | CQ88: 535358 | CR88: 541857 | CS88: 548356 | CT88: 554855
A89: VSNU - Industrial/Societal Doctorate | B89: provide FTE and months. | C89: 4000 | D89: 8000 | E89: 12000 | F89: 16000 | G89: 20000 | H89: 24001 | I89: 28001 | J89: 32001 | K89: 36001 | L89: 40001 | M89: 44001 | N89: 52001 | O89: 57220 | P89: 62438 | Q89: 67657 | R89: 72875 | S89: 78094 | T89: 83312 | U89: 88531 | V89: 93749 | W89: 98968 | X89: 104186 | Y89: 109405 | Z89: 114623 | AA89: 120190 | AB89: 125756 | AC89: 131323 | AD89: 136890 | AE89: 142456 | AF89: 148023 | AG89: 153590 | AH89: 159156 | AI89: 164723 | AJ89: 170290 | AK89: 175856 | AL89: 181423 | AM89: 187415 | AN89: 193407 | AO89: 199399 | AP89: 205391 | AQ89: 211383 | AR89: 217376 | AS89: 223368 | AT89: 229360 | AU89: 235352 | AV89: 241344 | AW89: 247336 | AX89: 253328 | AY89: 259396 | AZ89: 265464 | BA89: 271532 | BB89: 277600 | BC89: 283668 | BD89: 289736 | BE89: 295803 | BF89: 301871 | BG89: 307939 | BH89: 314007 | BI89: 320075 | BJ89: 326143 | BK89: 332351 | BL89: 338560 | BM89: 344768 | BN89: 350976 | BO89: 357185 | BP89: 363393 | BQ89: 369601 | BR89: 375810 | BS89: 382018 | BT89: 388226 | BU89: 394435 | BV89: 400643 | BW89: 406995 | BX89: 413347 | BY89: 419699 | BZ89: 426051 | CA89: 432403 | CB89: 438755 | CC89: 445107 | CD89: 451459 | CE89: 457811 | CF89: 464163 | CG89: 470515 | CH89: 476867 | CI89: 483366 | CJ89: 489865 | CK89: 496364 | CL89: 502863 | CM89: 509362 | CN89: 515861 | CO89: 522360 | CP89: 528859 | CQ89: 535358 | CR89: 541857 | CS89: 548356 | CT89: 554855
A90: VSNU - PDEng | B90: provide FTE and months. | C90: 4000 | D90: 8000 | E90: 12000 | F90: 16000 | G90: 20000 | H90: 24001 | I90: 28001 | J90: 32001 | K90: 36001 | L90: 40001 | M90: 44001 | N90: 52001 | O90: 57220 | P90: 62438 | Q90: 67657 | R90: 72875 | S90: 78094 | T90: 83312 | U90: 88531 | V90: 93749 | W90: 98968 | X90: 104186 | Y90: 109405 | Z90: 114623 | AA90: 120190 | AB90: 125756 | AC90: 131323 | AD90: 136890 | AE90: 142456 | AF90: 148023 | AG90: 153590 | AH90: 159156 | AI90: 164723 | AJ90: 170290 | AK90: 175856 | AL90: 181423 | AM90: 187415 | AN90: 193407 | AO90: 199399 | AP90: 205391 | AQ90: 211383 | AR90: 217376 | AS90: 223368 | AT90: 229360 | AU90: 235352 | AV90: 241344 | AW90: 247336 | AX90: 253328 | AY90: 259396 | AZ90: 265464 | BA90: 271532 | BB90: 277600 | BC90: 283668 | BD90: 289736 | BE90: 295803 | BF90: 301871 | BG90: 307939 | BH90: 314007 | BI90: 320075 | BJ90: 326143 | BK90: 332351 | BL90: 338560 | BM90: 344768 | BN90: 350976 | BO90: 357185 | BP90: 363393 | BQ90: 369601 | BR90: 375810 | BS90: 382018 | BT90: 388226 | BU90: 394435 | BV90: 400643 | BW90: 406995 | BX90: 413347 | BY90: 419699 | BZ90: 426051 | CA90: 432403 | CB90: 438755 | CC90: 445107 | CD90: 451459 | CE90: 457811 | CF90: 464163 | CG90: 470515 | CH90: 476867 | CI90: 483366 | CJ90: 489865 | CK90: 496364 | CL90: 502863 | CM90: 509362 | CN90: 515861 | CO90: 522360 | CP90: 528859 | CQ90: 535358 | CR90: 541857 | CS90: 548356 | CT90: 554855
A91: VSNU - 3-year PhD Position | B91: provide FTE, months and costs.
A92: NFU - PhD | B92: provide FTE and months. | C92: 4039 | D92: 8078 | E92: 12118 | F92: 16157 | G92: 20196 | H92: 24235 | I92: 28274 | J92: 32313 | K92: 36353 | L92: 40392 | M92: 44431 | N92: 52509 | O92: 57780 | P92: 63052 | Q92: 68323 | R92: 73595 | S92: 78866 | T92: 84138 | U92: 89409 | V92: 94680 | W92: 99952 | X92: 105223 | Y92: 110495 | Z92: 115766 | AA92: 121386 | AB92: 127007 | AC92: 132627 | AD92: 138247 | AE92: 143867 | AF92: 149488 | AG92: 155108 | AH92: 160728 | AI92: 166348 | AJ92: 171969 | AK92: 177589 | AL92: 183209 | AM92: 189246 | AN92: 195282 | AO92: 201319 | AP92: 207356 | AQ92: 213392 | AR92: 219429 | AS92: 225466 | AT92: 231502 | AU92: 237539 | AV92: 243576 | AW92: 249612 | AX92: 255649 | AY92: 261753 | AZ92: 267857 | BA92: 273960 | BB92: 280064 | BC92: 286168 | BD92: 292272 | BE92: 298375 | BF92: 304479 | BG92: 310583 | BH92: 316687 | BI92: 322790 | BJ92: 328894 | BK92: 335129 | BL92: 341365 | BM92: 347600 | BN92: 353835 | BO92: 360070 | BP92: 366306 | BQ92: 372541 | BR92: 378776 | BS92: 385011 | BT92: 391247 | BU92: 397482 | BV92: 403717 | BW92: 410086 | BX92: 416456 | BY92: 422825 | BZ92: 429195 | CA92: 435564 | CB92: 441934 | CC92: 448303 | CD92: 454672 | CE92: 461042 | CF92: 467411 | CG92: 473781 | CH92: 480150 | CI92: 486657 | CJ92: 493163 | CK92: 499670 | CL92: 506176 | CM92: 512683 | CN92: 519190 | CO92: 525696 | CP92: 532203 | CQ92: 538709 | CR92: 545216 | CS92: 551722 | CT92: 558229
A93: NFU - Industrial/Societal Doctorate | B93: provide FTE and months. | C93: 4039 | D93: 8078 | E93: 12118 | F93: 16157 | G93: 20196 | H93: 24235 | I93: 28274 | J93: 32313 | K93: 36353 | L93: 40392 | M93: 44431 | N93: 52509 | O93: 57780 | P93: 63052 | Q93: 68323 | R93: 73595 | S93: 78866 | T93: 84138 | U93: 89409 | V93: 94680 | W93: 99952 | X93: 105223 | Y93: 110495 | Z93: 115766 | AA93: 121386 | AB93: 127007 | AC93: 132627 | AD93: 138247 | AE93: 143867 | AF93: 149488 | AG93: 155108 | AH93: 160728 | AI93: 166348 | AJ93: 171969 | AK93: 177589 | AL93: 183209 | AM93: 189246 | AN93: 195282 | AO93: 201319 | AP93: 207356 | AQ93: 213392 | AR93: 219429 | AS93: 225466 | AT93: 231502 | AU93: 237539 | AV93: 243576 | AW93: 249612 | AX93: 255649 | AY93: 261753 | AZ93: 267857 | BA93: 273960 | BB93: 280064 | BC93: 286168 | BD93: 292272 | BE93: 298375 | BF93: 304479 | BG93: 310583 | BH93: 316687 | BI93: 322790 | BJ93: 328894 | BK93: 335129 | BL93: 341365 | BM93: 347600 | BN93: 353835 | BO93: 360070 | BP93: 366306 | BQ93: 372541 | BR93: 378776 | BS93: 385011 | BT93: 391247 | BU93: 397482 | BV93: 403717 | BW93: 410086 | BX93: 416456 | BY93: 422825 | BZ93: 429195 | CA93: 435564 | CB93: 441934 | CC93: 448303 | CD93: 454672 | CE93: 461042 | CF93: 467411 | CG93: 473781 | CH93: 480150 | CI93: 486657 | CJ93: 493163 | CK93: 499670 | CL93: 506176 | CM93: 512683 | CN93: 519190 | CO93: 525696 | CP93: 532203 | CQ93: 538709 | CR93: 545216 | CS93: 551722 | CT93: 558229
A94: NFU - PDEng | B94: provide FTE and months. | C94: 4039 | D94: 8078 | E94: 12118 | F94: 16157 | G94: 20196 | H94: 24235 | I94: 28274 | J94: 32313 | K94: 36353 | L94: 40392 | M94: 44431 | N94: 52509 | O94: 57780 | P94: 63052 | Q94: 68323 | R94: 73595 | S94: 78866 | T94: 84138 | U94: 89409 | V94: 94680 | W94: 99952 | X94: 105223 | Y94: 110495 | Z94: 115766 | AA94: 121386 | AB94: 127007 | AC94: 132627 | AD94: 138247 | AE94: 143867 | AF94: 149488 | AG94: 155108 | AH94: 160728 | AI94: 166348 | AJ94: 171969 | AK94: 177589 | AL94: 183209 | AM94: 189246 | AN94: 195282 | AO94: 201319 | AP94: 207356 | AQ94: 213392 | AR94: 219429 | AS94: 225466 | AT94: 231502 | AU94: 237539 | AV94: 243576 | AW94: 249612 | AX94: 255649 | AY94: 261753 | AZ94: 267857 | BA94: 273960 | BB94: 280064 | BC94: 286168 | BD94: 292272 | BE94: 298375 | BF94: 304479 | BG94: 310583 | BH94: 316687 | BI94: 322790 | BJ94: 328894 | BK94: 335129 | BL94: 341365 | BM94: 347600 | BN94: 353835 | BO94: 360070 | BP94: 366306 | BQ94: 372541 | BR94: 378776 | BS94: 385011 | BT94: 391247 | BU94: 397482 | BV94: 403717 | BW94: 410086 | BX94: 416456 | BY94: 422825 | BZ94: 429195 | CA94: 435564 | CB94: 441934 | CC94: 448303 | CD94: 454672 | CE94: 461042 | CF94: 467411 | CG94: 473781 | CH94: 480150 | CI94: 486657 | CJ94: 493163 | CK94: 499670 | CL94: 506176 | CM94: 512683 | CN94: 519190 | CO94: 525696 | CP94: 532203 | CQ94: 538709 | CR94: 545216 | CS94: 551722 | CT94: 558229
A95: NFU - 3-year PhD Position | B95: provide FTE, months and costs.
A96: VSNU - Postdoc | B96: provide FTE and months. | C96: 6255 | D96: 12510 | E96: 18765 | F96: 25020 | G96: 31275 | H96: 37530 | I96: 43785 | J96: 50040 | K96: 56295 | L96: 62550 | M96: 68805 | N96: 81315 | O96: 88248 | P96: 95181 | Q96: 102115 | R96: 109048 | S96: 115981 | T96: 122914 | U96: 129847 | V96: 136780 | W96: 143714 | X96: 150647 | Y96: 157580 | Z96: 164513 | AA96: 171607 | AB96: 178700 | AC96: 185794 | AD96: 192888 | AE96: 199981 | AF96: 207075 | AG96: 214169 | AH96: 221262 | AI96: 228356 | AJ96: 235450 | AK96: 242543 | AL96: 249637 | AM96: 256895 | AN96: 264153 | AO96: 271411 | AP96: 278668 | AQ96: 285926 | AR96: 293184 | AS96: 300442 | AT96: 307700 | AU96: 314958 | AV96: 322215 | AW96: 329473 | AX96: 336731 | AY96: 344157 | AZ96: 351583 | BA96: 359009 | BB96: 366434 | BC96: 373860 | BD96: 381286 | BE96: 388712 | BF96: 396138 | BG96: 403564 | BH96: 410989 | BI96: 418415 | BJ96: 425841 | BK96: 433439 | BL96: 441036 | BM96: 448634 | BN96: 456232 | BO96: 463829 | BP96: 471427 | BQ96: 479025 | BR96: 486622 | BS96: 494220 | BT96: 501818 | BU96: 509415 | BV96: 517013 | BW96: 524787 | BX96: 532560 | BY96: 540334 | BZ96: 548107 | CA96: 555881 | CB96: 563654 | CC96: 571428 | CD96: 579201 | CE96: 586975 | CF96: 594748 | CG96: 602522 | CH96: 610295 | CI96: 618248 | CJ96: 626202 | CK96: 634155 | CL96: 642109 | CM96: 650062 | CN96: 658016 | CO96: 665969 | CP96: 673922 | CQ96: 681876 | CR96: 689829 | CS96: 697783 | CT96: 705736
A97: NFU - Postdoc | B97: provide FTE and months. | C97: 6799 | D97: 13599 | E97: 20398 | F97: 27197 | G97: 33997 | H97: 40796 | I97: 47595 | J97: 54395 | K97: 61194 | L97: 67993 | M97: 74793 | N97: 88391 | O97: 95916 | P97: 103440 | Q97: 110965 | R97: 118490 | S97: 126014 | T97: 133539 | U97: 141064 | V97: 148588 | W97: 156113 | X97: 163638 | Y97: 171162 | Z97: 178687 | AA97: 186374 | AB97: 194060 | AC97: 201747 | AD97: 209433 | AE97: 217120 | AF97: 224807 | AG97: 232493 | AH97: 240180 | AI97: 247866 | AJ97: 255553 | AK97: 263239 | AL97: 270926 | AM97: 278778 | AN97: 286630 | AO97: 294483 | AP97: 302335 | AQ97: 310187 | AR97: 318039 | AS97: 325891 | AT97: 333743 | AU97: 341596 | AV97: 349448 | AW97: 357300 | AX97: 365152 | AY97: 373173 | AZ97: 381195 | BA97: 389216 | BB97: 397237 | BC97: 405258 | BD97: 413280 | BE97: 421301 | BF97: 429322 | BG97: 437343 | BH97: 445365 | BI97: 453386 | BJ97: 461407 | BK97: 469601 | BL97: 477795 | BM97: 485989 | BN97: 494183 | BO97: 502377 | BP97: 510571 | BQ97: 518764 | BR97: 526958 | BS97: 535152 | BT97: 543346 | BU97: 551540 | BV97: 559734 | BW97: 568104 | BX97: 576475 | BY97: 584845 | BZ97: 593215 | CA97: 601586 | CB97: 609956 | CC97: 618326 | CD97: 626697 | CE97: 635067 | CF97: 643437 | CG97: 651808 | CH97: 660178 | CI97: 668729 | CJ97: 677279 | CK97: 685830 | CL97: 694380 | CM97: 702931 | CN97: 711482 | CO97: 720032 | CP97: 728583 | CQ97: 737133 | CR97: 745684 | CS97: 754234 | CT97: 762785
A98: VSNU - Non-scientific personnel (MBO) | B98: provide FTE and months. | C98: 4659 | D98: 9317 | E98: 13976 | F98: 18634 | G98: 23293 | H98: 27952 | I98: 32610 | J98: 37269 | K98: 41927 | L98: 46586 | M98: 51244 | N98: 60562 | O98: 65726 | P98: 70889 | Q98: 76053 | R98: 81216 | S98: 86380 | T98: 91544 | U98: 96707 | V98: 101871 | W98: 107034 | X98: 112198 | Y98: 117361 | Z98: 122525 | AA98: 127808 | AB98: 133092 | AC98: 138375 | AD98: 143658 | AE98: 148941 | AF98: 154225 | AG98: 159508 | AH98: 164791 | AI98: 170074 | AJ98: 175358 | AK98: 180641 | AL98: 185924 | AM98: 191330 | AN98: 196735 | AO98: 202141 | AP98: 207546 | AQ98: 212952 | AR98: 218357 | AS98: 223763 | AT98: 229168 | AU98: 234574 | AV98: 239979 | AW98: 245385 | AX98: 250790 | AY98: 256321 | AZ98: 261851 | BA98: 267382 | BB98: 272913 | BC98: 278443 | BD98: 283974 | BE98: 289505 | BF98: 295035 | BG98: 300566 | BH98: 306097 | BI98: 311627 | BJ98: 317158 | BK98: 322817 | BL98: 328475 | BM98: 334134 | BN98: 339792 | BO98: 345451 | BP98: 351110 | BQ98: 356768 | BR98: 362427 | BS98: 368085 | BT98: 373744 | BU98: 379402 | BV98: 385061 | BW98: 390851 | BX98: 396640 | BY98: 402430 | BZ98: 408219 | CA98: 414009 | CB98: 419798 | CC98: 425588 | CD98: 431377 | CE98: 437167 | CF98: 442956 | CG98: 448746 | CH98: 454535 | CI98: 460459 | CJ98: 466382 | CK98: 472306 | CL98: 478229 | CM98: 484153 | CN98: 490077 | CO98: 496000 | CP98: 501924 | CQ98: 507847 | CR98: 513771 | CS98: 519694 | CT98: 525618
A99: VSNU - Non-scientific personnel (HBO) | B99: provide FTE and months. | C99: 5600 | D99: 11200 | E99: 16799 | F99: 22399 | G99: 27999 | H99: 33599 | I99: 39198 | J99: 44798 | K99: 50398 | L99: 55998 | M99: 61597 | N99: 72797 | O99: 79004 | P99: 85211 | Q99: 91418 | R99: 97624 | S99: 103831 | T99: 110038 | U99: 116245 | V99: 122452 | W99: 128659 | X99: 134865 | Y99: 141072 | Z99: 147279 | AA99: 153630 | AB99: 159980 | AC99: 166331 | AD99: 172681 | AE99: 179032 | AF99: 185383 | AG99: 191733 | AH99: 198084 | AI99: 204434 | AJ99: 210785 | AK99: 217135 | AL99: 223486 | AM99: 229984 | AN99: 236481 | AO99: 242979 | AP99: 249476 | AQ99: 255974 | AR99: 262472 | AS99: 268969 | AT99: 275467 | AU99: 281964 | AV99: 288462 | AW99: 294959 | AX99: 301457 | AY99: 308105 | AZ99: 314753 | BA99: 321401 | BB99: 328049 | BC99: 334697 | BD99: 341345 | BE99: 347993 | BF99: 354641 | BG99: 361289 | BH99: 367937 | BI99: 374585 | BJ99: 381233 | BK99: 388035 | BL99: 394837 | BM99: 401638 | BN99: 408440 | BO99: 415242 | BP99: 422044 | BQ99: 428845 | BR99: 435647 | BS99: 442449 | BT99: 449251 | BU99: 456052 | BV99: 462854 | BW99: 469813 | BX99: 476773 | BY99: 483732 | BZ99: 490691 | CA99: 497650 | CB99: 504610 | CC99: 511569 | CD99: 518528 | CE99: 525487 | CF99: 532447 | CG99: 539406 | CH99: 546365 | CI99: 553485 | CJ99: 560605 | CK99: 567726 | CL99: 574846 | CM99: 581966 | CN99: 589086 | CO99: 596206 | CP99: 603326 | CQ99: 610447 | CR99: 617567 | CS99: 624687 | CT99: 631807
A100: VSNU - Non-scientific personnel (WO) | B100: provide FTE and months. | C100: 6700 | D100: 13399 | E100: 20099 | F100: 26798 | G100: 33498 | H100: 40197 | I100: 46897 | J100: 53596 | K100: 60296 | L100: 66995 | M100: 73695 | N100: 87093 | O100: 94519 | P100: 101945 | Q100: 109371 | R100: 116796 | S100: 124222 | T100: 131648 | U100: 139074 | V100: 146500 | W100: 153926 | X100: 161351 | Y100: 168777 | Z100: 176203 | AA100: 183801 | AB100: 191399 | AC100: 198996 | AD100: 206594 | AE100: 214192 | AF100: 221790 | AG100: 229387 | AH100: 236985 | AI100: 244583 | AJ100: 252181 | AK100: 259778 | AL100: 267376 | AM100: 275150 | AN100: 282923 | AO100: 290697 | AP100: 298471 | AQ100: 306244 | AR100: 314018 | AS100: 321792 | AT100: 329565 | AU100: 337339 | AV100: 345113 | AW100: 352886 | AX100: 360660 | AY100: 368614 | AZ100: 376567 | BA100: 384521 | BB100: 392474 | BC100: 400428 | BD100: 408381 | BE100: 416335 | BF100: 424288 | BG100: 432242 | BH100: 440195 | BI100: 448149 | BJ100: 456102 | BK100: 464240 | BL100: 472377 | BM100: 480515 | BN100: 488653 | BO100: 496790 | BP100: 504928 | BQ100: 513066 | BR100: 521203 | BS100: 529341 | BT100: 537479 | BU100: 545616 | BV100: 553754 | BW100: 562080 | BX100: 570406 | BY100: 578732 | BZ100: 587057 | CA100: 595383 | CB100: 603709 | CC100: 612035 | CD100: 620361 | CE100: 628687 | CF100: 637012 | CG100: 645338 | CH100: 653664 | CI100: 662183 | CJ100: 670701 | CK100: 679220 | CL100: 687738 | CM100: 696257 | CN100: 704776 | CO100: 713294 | CP100: 721813 | CQ100: 730331 | CR100: 738850 | CS100: 747368 | CT100: 755887
A101: NFU - Non-scientific personnel (MBO) | B101: provide FTE and months. | C101: 4713 | D101: 9425 | E101: 14138 | F101: 18850 | G101: 23563 | H101: 28276 | I101: 32988 | J101: 37701 | K101: 42413 | L101: 47126 | M101: 51838 | N101: 61264 | O101: 66479 | P101: 71695 | Q101: 76910 | R101: 82125 | S101: 87340 | T101: 92556 | U101: 97771 | V101: 102986 | W101: 108201 | X101: 113417 | Y101: 118632 | Z101: 123847 | AA101: 129175 | AB101: 134502 | AC101: 139830 | AD101: 145157 | AE101: 150485 | AF101: 155813 | AG101: 161140 | AH101: 166468 | AI101: 171795 | AJ101: 177123 | AK101: 182450 | AL101: 187778 | AM101: 193220 | AN101: 198663 | AO101: 204105 | AP101: 209547 | AQ101: 214989 | AR101: 220432 | AS101: 225874 | AT101: 231316 | AU101: 236758 | AV101: 242201 | AW101: 247643 | AX101: 253085 | AY101: 258645 | AZ101: 264204 | BA101: 269764 | BB101: 275323 | BC101: 280883 | BD101: 286442 | BE101: 292002 | BF101: 297561 | BG101: 303121 | BH101: 308680 | BI101: 314240 | BJ101: 319799 | BK101: 325478 | BL101: 331158 | BM101: 336837 | BN101: 342516 | BO101: 348195 | BP101: 353875 | BQ101: 359554 | BR101: 365233 | BS101: 370912 | BT101: 376592 | BU101: 382271 | BV101: 387950 | BW101: 393751 | BX101: 399553 | BY101: 405354 | BZ101: 411156 | CA101: 416957 | CB101: 422759 | CC101: 428560 | CD101: 434361 | CE101: 440163 | CF101: 445964 | CG101: 451766 | CH101: 457567 | CI101: 463493 | CJ101: 469420 | CK101: 475346 | CL101: 481272 | CM101: 487198 | CN101: 493125 | CO101: 499051 | CP101: 504977 | CQ101: 510903 | CR101: 516830 | CS101: 522756 | CT101: 528682
A102: NFU - Non-scientific personnel (HBO) | B102: provide FTE and months. | C102: 5674 | D102: 11349 | E102: 17023 | F102: 22697 | G102: 28371 | H102: 34046 | I102: 39720 | J102: 45394 | K102: 51068 | L102: 56743 | M102: 62417 | N102: 73765 | O102: 80045 | P102: 86324 | Q102: 92604 | R102: 98883 | S102: 105163 | T102: 111442 | U102: 117722 | V102: 124001 | W102: 130281 | X102: 136560 | Y102: 142840 | Z102: 149119 | AA102: 155534 | AB102: 161949 | AC102: 168363 | AD102: 174778 | AE102: 181193 | AF102: 187608 | AG102: 194022 | AH102: 200437 | AI102: 206852 | AJ102: 213267 | AK102: 219681 | AL102: 226096 | AM102: 232649 | AN102: 239202 | AO102: 245755 | AP102: 252308 | AQ102: 258861 | AR102: 265414 | AS102: 271966 | AT102: 278519 | AU102: 285072 | AV102: 291625 | AW102: 298178 | AX102: 304731 | AY102: 311425 | AZ102: 318119 | BA102: 324813 | BB102: 331507 | BC102: 338201 | BD102: 344895 | BE102: 351589 | BF102: 358283 | BG102: 364977 | BH102: 371671 | BI102: 378365 | BJ102: 385059 | BK102: 391897 | BL102: 398735 | BM102: 405573 | BN102: 412411 | BO102: 419249 | BP102: 426088 | BQ102: 432926 | BR102: 439764 | BS102: 446602 | BT102: 453440 | BU102: 460278 | BV102: 467116 | BW102: 474101 | BX102: 481087 | BY102: 488072 | BZ102: 495057 | CA102: 502043 | CB102: 509028 | CC102: 516013 | CD102: 522999 | CE102: 529984 | CF102: 536969 | CG102: 543955 | CH102: 550940 | CI102: 558076 | CJ102: 565211 | CK102: 572347 | CL102: 579482 | CM102: 586618 | CN102: 593754 | CO102: 600889 | CP102: 608025 | CQ102: 615160 | CR102: 622296 | CS102: 629431 | CT102: 636567
A103: NFU - Non-scientific personnel (WO) | B103: provide FTE and months. | C103: 6799 | D103: 13599 | E103: 20398 | F103: 27197 | G103: 33997 | H103: 40796 | I103: 47595 | J103: 54395 | K103: 61194 | L103: 67993 | M103: 74793 | N103: 88391 | O103: 95916 | P103: 103440 | Q103: 110965 | R103: 118490 | S103: 126014 | T103: 133539 | U103: 141064 | V103: 148588 | W103: 156113 | X103: 163638 | Y103: 171162 | Z103: 178687 | AA103: 186374 | AB103: 194060 | AC103: 201747 | AD103: 209433 | AE103: 217120 | AF103: 224807 | AG103: 232493 | AH103: 240180 | AI103: 247866 | AJ103: 255553 | AK103: 263239 | AL103: 270926 | AM103: 278778 | AN103: 286630 | AO103: 294483 | AP103: 302335 | AQ103: 310187 | AR103: 318039 | AS103: 325891 | AT103: 333743 | AU103: 341596 | AV103: 349448 | AW103: 357300 | AX103: 365152 | AY103: 373173 | AZ103: 381195 | BA103: 389216 | BB103: 397237 | BC103: 405258 | BD103: 413280 | BE103: 421301 | BF103: 429322 | BG103: 437343 | BH103: 445365 | BI103: 453386 | BJ103: 461407 | BK103: 469601 | BL103: 477795 | BM103: 485989 | BN103: 494183 | BO103: 502377 | BP103: 510571 | BQ103: 518764 | BR103: 526958 | BS103: 535152 | BT103: 543346 | BU103: 551540 | BV103: 559734 | BW103: 568104 | BX103: 576475 | BY103: 584845 | BZ103: 593215 | CA103: 601586 | CB103: 609956 | CC103: 618326 | CD103: 626697 | CE103: 635067 | CF103: 643437 | CG103: 651808 | CH103: 660178 | CI103: 668729 | CJ103: 677279 | CK103: 685830 | CL103: 694380 | CM103: 702931 | CN103: 711482 | CO103: 720032 | CP103: 728583 | CQ103: 737133 | CR103: 745684 | CS103: 754234 | CT103: 762785
A104: VSNU - Research leave | B104: provide FTE and months. | C104: 6255 | D104: 12510 | E104: 18765 | F104: 25020 | G104: 31275 | H104: 37530 | I104: 43785 | J104: 50040 | K104: 56295 | L104: 62550 | M104: 68805 | N104: 81315 | O104: 88248 | P104: 95181 | Q104: 102115 | R104: 109048 | S104: 115981 | T104: 122914 | U104: 129847 | V104: 136780 | W104: 143714 | X104: 150647 | Y104: 157580 | Z104: 164513 | AA104: 171607 | AB104: 178700 | AC104: 185794 | AD104: 192888 | AE104: 199981 | AF104: 207075 | AG104: 214169 | AH104: 221262 | AI104: 228356 | AJ104: 235450 | AK104: 242543 | AL104: 249637 | AM104: 256895 | AN104: 264153 | AO104: 271411 | AP104: 278668 | AQ104: 285926 | AR104: 293184 | AS104: 300442 | AT104: 307700 | AU104: 314958 | AV104: 322215 | AW104: 329473 | AX104: 336731 | AY104: 344157 | AZ104: 351583 | BA104: 359009 | BB104: 366434 | BC104: 373860 | BD104: 381286 | BE104: 388712 | BF104: 396138 | BG104: 403564 | BH104: 410989 | BI104: 418415 | BJ104: 425841 | BK104: 433439 | BL104: 441036 | BM104: 448634 | BN104: 456232 | BO104: 463829 | BP104: 471427 | BQ104: 479025 | BR104: 486622 | BS104: 494220 | BT104: 501818 | BU104: 509415 | BV104: 517013 | BW104: 524787 | BX104: 532560 | BY104: 540334 | BZ104: 548107 | CA104: 555881 | CB104: 563654 | CC104: 571428 | CD104: 579201 | CE104: 586975 | CF104: 594748 | CG104: 602522 | CH104: 610295 | CI104: 618248 | CJ104: 626202 | CK104: 634155 | CL104: 642109 | CM104: 650062 | CN104: 658016 | CO104: 665969 | CP104: 673922 | CQ104: 681876 | CR104: 689829 | CS104: 697783 | CT104: 705736
A105: NFU - Research leave | B105: provide FTE and months. | C105: 6799 | D105: 13599 | E105: 20398 | F105: 27197 | G105: 33997 | H105: 40796 | I105: 47595 | J105: 54395 | K105: 61194 | L105: 67993 | M105: 74793 | N105: 88391 | O105: 95916 | P105: 103440 | Q105: 110965 | R105: 118490 | S105: 126014 | T105: 133539 | U105: 141064 | V105: 148588 | W105: 156113 | X105: 163638 | Y105: 171162 | Z105: 178687 | AA105: 186374 | AB105: 194060 | AC105: 201747 | AD105: 209433 | AE105: 217120 | AF105: 224807 | AG105: 232493 | AH105: 240180 | AI105: 247866 | AJ105: 255553 | AK105: 263239 | AL105: 270926 | AM105: 278778 | AN105: 286630 | AO105: 294483 | AP105: 302335 | AQ105: 310187 | AR105: 318039 | AS105: 325891 | AT105: 333743 | AU105: 341596 | AV105: 349448 | AW105: 357300 | AX105: 365152 | AY105: 373173 | AZ105: 381195 | BA105: 389216 | BB105: 397237 | BC105: 405258 | BD105: 413280 | BE105: 421301 | BF105: 429322 | BG105: 437343 | BH105: 445365 | BI105: 453386 | BJ105: 461407 | BK105: 469601 | BL105: 477795 | BM105: 485989 | BN105: 494183 | BO105: 502377 | BP105: 510571 | BQ105: 518764 | BR105: 526958 | BS105: 535152 | BT105: 543346 | BU105: 551540 | BV105: 559734 | BW105: 568104 | BX105: 576475 | BY105: 584845 | BZ105: 593215 | CA105: 601586 | CB105: 609956 | CC105: 618326 | CD105: 626697 | CE105: 635067 | CF105: 643437 | CG105: 651808 | CH105: 660178 | CI105: 668729 | CJ105: 677279 | CK105: 685830 | CL105: 694380 | CM105: 702931 | CN105: 711482 | CO105: 720032 | CP105: 728583 | CQ105: 737133 | CR105: 745684 | CS105: 754234 | CT105: 762785
A106: VSNU & NFU - Other scientific personnel | B106: provide FTE, months and costs.
A112: Salary table personnel other institutes
A113: =HOT_rates -> 2026 | B113: =HOT_rate_type -> Cost Plus
A114: category | B114: Max hourly rate
A115: Max € 125,- | B115: 125
A118: Country Correction Coefficients
A119: https://www.nwo.nl/documents/nwo/beleid/money-follows-cooperation/nwo-country-correction-coefficients-ccc
...

Sheet checks
A2: Checks on input
B8: Check exceeding max amount Other Scientific Personnel | E8: Check FTE*year by PhD, PD and PDEng for Material costs | H8: Check FTE*year by Scientific employee non-academic for Material costs | K8: Check exceeding max amount Non-Scientific Personnel | N8: Check exceeding max FTE * months Research leave | Q8: Benchfee only for PhD, PD, PDENg + Industrial/Societal Doctorates | X8: Private co-funding - inkind | Y8: Private co-funding - incash
B9: Row in table | C9: Amount | E9: Row in table | F9: FTE*year | H9: Row in table containing 'researcher' | I9: years | K9: Row in table | L9: Amount | N9: Row in table | O9: Amount | Q9: Row in table
R10: Category | S10: FTE | T10: Months | U10: Organisation | V10: Name org | X10: Amount | Y10: Amount
B11: =IF(IFERROR(MATCH("*Other*",OFFSET(Budget!#REF!,B10,0,ROWS(#REF!),1),0)+B10,999)<ROWS(#REF!),IFERROR(MATCH("*Other*",OFFSET(Budget!#REF!,B10,0,ROWS(#REF!),1),0)+B10,999),"") -> #REF! | C11: =IFERROR(INDEX(#REF!,B11),"") | E11: =IF(MIN(IFERROR(MATCH("*PostDoc*",OFFSET(Budget!#REF!,E10,0,ROWS(#REF!),1),0)+E10,999),IFERROR(MATCH("*PhD*",OFFSET(Budget!#REF!,E10,0,ROWS(#REF!),1),0)+E10,999),IFERROR(MATCH("*PDEng*",OFFSET(Budget!#REF!,E10,0,ROWS(#REF!),1),0)+E10,999))<ROWS(#REF!),MIN(IFERROR(MATCH("*PostDoc*",OFFSET(Budget!#REF!,E10,0,ROWS(#REF!),1),0)+E10,999),IFERROR(MATCH("*PhD*",OFFSET(Budget!#REF!,E10,0,ROWS(#REF!),1),0)+E10,999),IFERROR(MATCH("*PDEng*",OFFSET(Budget!#REF!,E10,0,ROWS(#REF!),1),0)+E10,999)),"") -> #REF! | F11: =IFERROR(INDEX(#REF!,E11)*INDEX(#REF!,E11)/12,"") | H11: =IF(IFERROR(MATCH("*researcher*",OFFSET(Budget!#REF!,H10,0,ROWS(#REF!),1),0)+H10,999)<ROWS(#REF!),IFERROR(MATCH("*researcher*",OFFSET(Budget!#REF!,H10,0,ROWS(#REF!),1),0)+H10,999),"") -> #REF! | I11: =IF(ISERROR(IF(AND(INDEX(#REF!,H11)>=pers_oi_min_months,INDEX(#REF!,H11)/INDEX(#REF!,H11)*12/pers_other_nrhours_year>=pers_oi_minFTE)=TRUE,INDEX(#REF!,H11)/12,0)),"",IF(AND(INDEX(#REF!,H11)>=pers_oi_min_months,INDEX(#REF!,H11)/INDEX(#REF!,H11)*12/pers_other_nrhours_year>=pers_oi_minFTE)=TRUE,INDEX(#REF!,H11)/12,"")) | K11: =IF(IFERROR(MATCH("*Non-scientific*",OFFSET(Budget!#REF!,K10,0,ROWS(#REF!),1),0)+K10,999)<ROWS(#REF!),IFERROR(MATCH("*Non-scientific*",OFFSET(Budget!#REF!,K10,0,ROWS(#REF!),1),0)+K10,999),"") -> #REF! | L11: =IFERROR(INDEX(#REF!,K11),"") | N11: =IF(IFERROR(MATCH("*leave*",OFFSET(Budget!#REF!,N10,0,ROWS(#REF!),1),0)+N10,999)<ROWS(#REF!),IFERROR(MATCH("*leave*",OFFSET(Budget!#REF!,N10,0,ROWS(#REF!),1),0)+N10,999),"") -> #REF! | O11: =IFERROR(INDEX(#REF!,N11)*INDEX(#REF!,N11),"") | Q11: =IF(MIN(IFERROR(MATCH("*PostDoc*",OFFSET(Budget!#REF!,Q10,0,ROWS(#REF!)-Q10,1),0)+Q10,999),IFERROR(MATCH("*PhD*",OFFSET(Budget!#REF!,Q10,0,ROWS(#REF!)-Q10,1),0)+Q10,999),IFERROR(MATCH("*PDEng*",OFFSET(Budget!#REF!,Q10,0,ROWS(#REF!)-Q10,1),0)+Q10,999),IFERROR(MATCH("*Doctorate*",OFFSET(Budget!#REF!,Q10,0,ROWS(#REF!)-Q10,1),0)+Q10,999))<ROWS(#REF!),MIN(IFERROR(MATCH("*PostDoc*",OFFSET(Budget!#REF!,Q10,0,ROWS(#REF!)-Q10,1),0)+Q10,999),IFERROR(MATCH("*PhD*",OFFSET(Budget!#REF!,Q10,0,ROWS(#REF!)-Q10,1),0)+Q10,999),IFERROR(MATCH("*PDEng*",OFFSET(Budget!#REF!,Q10,0,ROWS(#REF!)-Q10,1),0)+Q10,999),IFERROR(MATCH("*Doctorate*",OFFSET(Budget!#REF!,Q10,0,ROWS(#REF!)-Q10,1),0)+Q10,999)),"") -> #REF! | R11: =IFERROR(INDEX(#REF!,Q11),"") | S11: =IFERROR(INDEX(#REF!,Q11),"") | T11: =IFERROR(INDEX(#REF!,Q11),"") | U11: =SUBSTITUTE(IFERROR(INDEX(#REF!,Q11),""),0,"") | V11: =SUBSTITUTE(IFERROR(INDEX(#REF!,Q11),""),0,"") | X11: =IF(ROW(E1548)-ROW($E$1548)<ROWS(#REF!),IFERROR(IF(INDEX(list_cofunders[private?],MATCH(Budget!#REF!,list_cofunders[list cofunders],0),1)="yes",Budget!#REF!,""),""),"") -> #REF! | Y11: =IF(ROW(E1651)-ROW($E$1651)<ROWS(#REF!),IFERROR(IF(INDEX(list_cofunders[private?],MATCH(Budget!#REF!,list_cofunders[list cofunders],0),1)="yes",Budget!#REF!,""),""),"") -> #REF! | Z11: =IFERROR(INDEX(#REF!,X11),"")
B12: =IF(IFERROR(MATCH("*Other*",OFFSET(Budget!#REF!,B11,0,ROWS(#REF!),1),0)+B11,999)<ROWS(#REF!),IFERROR(MATCH("*Other*",OFFSET(Budget!#REF!,B11,0,ROWS(#REF!),1),0)+B11,999),"") -> #REF! | C12: =IFERROR(INDEX(#REF!,B12),"") | E12: =IF(MIN(IFERROR(MATCH("*PostDoc*",OFFSET(Budget!#REF!,E11,0,ROWS(#REF!),1),0)+E11,999),IFERROR(MATCH("*PhD*",OFFSET(Budget!#REF!,E11,0,ROWS(#REF!),1),0)+E11,999),IFERROR(MATCH("*PDEng*",OFFSET(Budget!#REF!,E11,0,ROWS(#REF!),1),0)+E11,999))<ROWS(#REF!),MIN(IFERROR(MATCH("*PostDoc*",OFFSET(Budget!#REF!,E11,0,ROWS(#REF!),1),0)+E11,999),IFERROR(MATCH("*PhD*",OFFSET(Budget!#REF!,E11,0,ROWS(#REF!),1),0)+E11,999),IFERROR(MATCH("*PDEng*",OFFSET(Budget!#REF!,E11,0,ROWS(#REF!),1),0)+E11,999)),"") -> #REF! | F12: =IFERROR(INDEX(#REF!,E12)*INDEX(#REF!,E12)/12,"") | H12: =IF(IFERROR(MATCH("*researcher*",OFFSET(Budget!#REF!,H11,0,ROWS(#REF!),1),0)+H11,999)<ROWS(#REF!),IFERROR(MATCH("*researcher*",OFFSET(Budget!#REF!,H11,0,ROWS(#REF!),1),0)+H11,999),"") -> #REF! | I12: =IF(ISERROR(IF(AND(INDEX(#REF!,H12)>=pers_oi_min_months,INDEX(#REF!,H12)/INDEX(#REF!,H12)*12/pers_other_nrhours_year>=pers_oi_minFTE)=TRUE,INDEX(#REF!,H12)/12,0)),"",IF(AND(INDEX(#REF!,H12)>=pers_oi_min_months,INDEX(#REF!,H12)/INDEX(#REF!,H12)*12/pers_other_nrhours_year>=pers_oi_minFTE)=TRUE,INDEX(#REF!,H12)/12,"")) | K12: =IF(IFERROR(MATCH("*Non-scientific*",OFFSET(Budget!#REF!,K11,0,ROWS(#REF!),1),0)+K11,999)<ROWS(#REF!),IFERROR(MATCH("*Non-scientific*",OFFSET(Budget!#REF!,K11,0,ROWS(#REF!),1),0)+K11,999),"") -> #REF! | L12: =IFERROR(INDEX(#REF!,K12),"") | N12: =IF(IFERROR(MATCH("*leave*",OFFSET(Budget!#REF!,N11,0,ROWS(#REF!),1),0)+N11,999)<ROWS(#REF!),IFERROR(MATCH("*leave*",OFFSET(Budget!#REF!,N11,0,ROWS(#REF!),1),0)+N11,999),"") -> #REF! | O12: =IFERROR(INDEX(#REF!,N12)*INDEX(#REF!,N12),"") | Q12: =IF(MIN(IFERROR(MATCH("*PostDoc*",OFFSET(Budget!#REF!,Q11,0,ROWS(#REF!)-Q11,1),0)+Q11,999),IFERROR(MATCH("*PhD*",OFFSET(Budget!#REF!,Q11,0,ROWS(#REF!)-Q11,1),0)+Q11,999),IFERROR(MATCH("*PDEng*",OFFSET(Budget!#REF!,Q11,0,ROWS(#REF!)-Q11,1),0)+Q11,999),IFERROR(MATCH("*Doctorate*",OFFSET(Budget!#REF!,Q11,0,ROWS(#REF!)-Q11,1),0)+Q11,999))<ROWS(#REF!),MIN(IFERROR(MATCH("*PostDoc*",OFFSET(Budget!#REF!,Q11,0,ROWS(#REF!)-Q11,1),0)+Q11,999),IFERROR(MATCH("*PhD*",OFFSET(Budget!#REF!,Q11,0,ROWS(#REF!)-Q11,1),0)+Q11,999),IFERROR(MATCH("*PDEng*",OFFSET(Budget!#REF!,Q11,0,ROWS(#REF!)-Q11,1),0)+Q11,999),IFERROR(MATCH("*Doctorate*",OFFSET(Budget!#REF!,Q11,0,ROWS(#REF!)-Q11,1),0)+Q11,999)),"") -> #REF! | R12: =IFERROR(INDEX(#REF!,Q12),"") | S12: =IFERROR(INDEX(#REF!,Q12),"") | T12: =IFERROR(INDEX(#REF!,Q12),"") | U12: =SUBSTITUTE(IFERROR(INDEX(#REF!,Q12),""),0,"") | V12: =SUBSTITUTE(IFERROR(INDEX(#REF!,Q12),""),0,"") | X12: =IF(ROW(E1549)-ROW($E$1548)<ROWS(#REF!),IFERROR(IF(INDEX(list_cofunders[private?],MATCH(Budget!#REF!,list_cofunders[list cofunders],0),1)="yes",Budget!#REF!,""),""),"") -> #REF! | Y12: =IF(ROW(E1652)-ROW($E$1651)<ROWS(#REF!),IFERROR(IF(INDEX(list_cofunders[private?],MATCH(Budget!#REF!,list_cofunders[list cofunders],0),1)="yes",Budget!#REF!,""),""),"") -> #REF! | Z12: =IFERROR(INDEX(#REF!,X12),"")
B13: =IF(IFERROR(MATCH("*Other*",OFFSET(Budget!#REF!,B12,0,ROWS(#REF!),1),0)+B12,999)<ROWS(#REF!),IFERROR(MATCH("*Other*",OFFSET(Budget!#REF!,B12,0,ROWS(#REF!),1),0)+B12,999),"") -> #REF! | C13: =IFERROR(INDEX(#REF!,B13),"") | E13: =IF(MIN(IFERROR(MATCH("*PostDoc*",OFFSET(Budget!#REF!,E12,0,ROWS(#REF!),1),0)+E12,999),IFERROR(MATCH("*PhD*",OFFSET(Budget!#REF!,E12,0,ROWS(#REF!),1),0)+E12,999),IFERROR(MATCH("*PDEng*",OFFSET(Budget!#REF!,E12,0,ROWS(#REF!),1),0)+E12,999))<ROWS(#REF!),MIN(IFERROR(MATCH("*PostDoc*",OFFSET(Budget!#REF!,E12,0,ROWS(#REF!),1),0)+E12,999),IFERROR(MATCH("*PhD*",OFFSET(Budget!#REF!,E12,0,ROWS(#REF!),1),0)+E12,999),IFERROR(MATCH("*PDEng*",OFFSET(Budget!#REF!,E12,0,ROWS(#REF!),1),0)+E12,999)),"") -> #REF! | F13: =IFERROR(INDEX(#REF!,E13)*INDEX(#REF!,E13)/12,"") | H13: =IF(IFERROR(MATCH("*researcher*",OFFSET(Budget!#REF!,H12,0,ROWS(#REF!),1),0)+H12,999)<ROWS(#REF!),IFERROR(MATCH("*researcher*",OFFSET(Budget!#REF!,H12,0,ROWS(#REF!),1),0)+H12,999),"") -> #REF! | I13: =IF(ISERROR(IF(AND(INDEX(#REF!,H13)>=pers_oi_min_months,INDEX(#REF!,H13)/INDEX(#REF!,H13)*12/pers_other_nrhours_year>=pers_oi_minFTE)=TRUE,INDEX(#REF!,H13)/12,0)),"",IF(AND(INDEX(#REF!,H13)>=pers_oi_min_months,INDEX(#REF!,H13)/INDEX(#REF!,H13)*12/pers_other_nrhours_year>=pers_oi_minFTE)=TRUE,INDEX(#REF!,H13)/12,"")) | K13: =IF(IFERROR(MATCH("*Non-scientific*",OFFSET(Budget!#REF!,K12,0,ROWS(#REF!),1),0)+K12,999)<ROWS(#REF!),IFERROR(MATCH("*Non-scientific*",OFFSET(Budget!#REF!,K12,0,ROWS(#REF!),1),0)+K12,999),"") -> #REF! | L13: =IFERROR(INDEX(#REF!,K13),"") | N13: =IF(IFERROR(MATCH("*leave*",OFFSET(Budget!#REF!,N12,0,ROWS(#REF!),1),0)+N12,999)<ROWS(#REF!),IFERROR(MATCH("*leave*",OFFSET(Budget!#REF!,N12,0,ROWS(#REF!),1),0)+N12,999),"") -> #REF! | O13: =IFERROR(INDEX(#REF!,N13)*INDEX(#REF!,N13),"") | Q13: =IF(MIN(IFERROR(MATCH("*PostDoc*",OFFSET(Budget!#REF!,Q12,0,ROWS(#REF!)-Q12,1),0)+Q12,999),IFERROR(MATCH("*PhD*",OFFSET(Budget!#REF!,Q12,0,ROWS(#REF!)-Q12,1),0)+Q12,999),IFERROR(MATCH("*PDEng*",OFFSET(Budget!#REF!,Q12,0,ROWS(#REF!)-Q12,1),0)+Q12,999),IFERROR(MATCH("*Doctorate*",OFFSET(Budget!#REF!,Q12,0,ROWS(#REF!)-Q12,1),0)+Q12,999))<ROWS(#REF!),MIN(IFERROR(MATCH("*PostDoc*",OFFSET(Budget!#REF!,Q12,0,ROWS(#REF!)-Q12,1),0)+Q12,999),IFERROR(MATCH("*PhD*",OFFSET(Budget!#REF!,Q12,0,ROWS(#REF!)-Q12,1),0)+Q12,999),IFERROR(MATCH("*PDEng*",OFFSET(Budget!#REF!,Q12,0,ROWS(#REF!)-Q12,1),0)+Q12,999),IFERROR(MATCH("*Doctorate*",OFFSET(Budget!#REF!,Q12,0,ROWS(#REF!)-Q12,1),0)+Q12,999)),"") -> #REF! | R13: =IFERROR(INDEX(#REF!,Q13),"") | S13: =IFERROR(INDEX(#REF!,Q13),"") | T13: =IFERROR(INDEX(#REF!,Q13),"") | U13: =SUBSTITUTE(IFERROR(INDEX(#REF!,Q13),""),0,"") | V13: =SUBSTITUTE(IFERROR(INDEX(#REF!,Q13),""),0,"") | X13: =IF(ROW(E1550)-ROW($E$1548)<ROWS(#REF!),IFERROR(IF(INDEX(list_cofunders[private?],MATCH(Budget!#REF!,list_cofunders[list cofunders],0),1)="yes",Budget!#REF!,""),""),"") -> #REF! | Y13: =IF(ROW(E1653)-ROW($E$1651)<ROWS(#REF!),IFERROR(IF(INDEX(list_cofunders[private?],MATCH(Budget!#REF!,list_cofunders[list cofunders],0),1)="yes",Budget!#REF!,""),""),"") -> #REF! | Z13: =IFERROR(INDEX(#REF!,X13),"")
B14: =IF(IFERROR(MATCH("*Other*",OFFSET(Budget!#REF!,B13,0,ROWS(#REF!),1),0)+B13,999)<ROWS(#REF!),IFERROR(MATCH("*Other*",OFFSET(Budget!#REF!,B13,0,ROWS(#REF!),1),0)+B13,999),"") -> #REF! | C14: =IFERROR(INDEX(#REF!,B14),"") | E14: =IF(MIN(IFERROR(MATCH("*PostDoc*",OFFSET(Budget!#REF!,E13,0,ROWS(#REF!),1),0)+E13,999),IFERROR(MATCH("*PhD*",OFFSET(Budget!#REF!,E13,0,ROWS(#REF!),1),0)+E13,999),IFERROR(MATCH("*PDEng*",OFFSET(Budget!#REF!,E13,0,ROWS(#REF!),1),0)+E13,999))<ROWS(#REF!),MIN(IFERROR(MATCH("*PostDoc*",OFFSET(Budget!#REF!,E13,0,ROWS(#REF!),1),0)+E13,999),IFERROR(MATCH("*PhD*",OFFSET(Budget!#REF!,E13,0,ROWS(#REF!),1),0)+E13,999),IFERROR(MATCH("*PDEng*",OFFSET(Budget!#REF!,E13,0,ROWS(#REF!),1),0)+E13,999)),"") -> #REF! | F14: =IFERROR(INDEX(#REF!,E14)*INDEX(#REF!,E14)/12,"") | H14: =IF(IFERROR(MATCH("*researcher*",OFFSET(Budget!#REF!,H13,0,ROWS(#REF!),1),0)+H13,999)<ROWS(#REF!),IFERROR(MATCH("*researcher*",OFFSET(Budget!#REF!,H13,0,ROWS(#REF!),1),0)+H13,999),"") -> #REF! | I14: =IF(ISERROR(IF(AND(INDEX(#REF!,H14)>=pers_oi_min_months,INDEX(#REF!,H14)/INDEX(#REF!,H14)*12/pers_other_nrhours_year>=pers_oi_minFTE)=TRUE,INDEX(#REF!,H14)/12,0)),"",IF(AND(INDEX(#REF!,H14)>=pers_oi_min_months,INDEX(#REF!,H14)/INDEX(#REF!,H14)*12/pers_other_nrhours_year>=pers_oi_minFTE)=TRUE,INDEX(#REF!,H14)/12,"")) | K14: =IF(IFERROR(MATCH("*Non-scientific*",OFFSET(Budget!#REF!,K13,0,ROWS(#REF!),1),0)+K13,999)<ROWS(#REF!),IFERROR(MATCH("*Non-scientific*",OFFSET(Budget!#REF!,K13,0,ROWS(#REF!),1),0)+K13,999),"") -> #REF! | L14: =IFERROR(INDEX(#REF!,K14),"") | N14: =IF(IFERROR(MATCH("*leave*",OFFSET(Budget!#REF!,N13,0,ROWS(#REF!),1),0)+N13,999)<ROWS(#REF!),IFERROR(MATCH("*leave*",OFFSET(Budget!#REF!,N13,0,ROWS(#REF!),1),0)+N13,999),"") -> #REF! | O14: =IFERROR(INDEX(#REF!,N14)*INDEX(#REF!,N14),"") | Q14: =IF(MIN(IFERROR(MATCH("*PostDoc*",OFFSET(Budget!#REF!,Q13,0,ROWS(#REF!)-Q13,1),0)+Q13,999),IFERROR(MATCH("*PhD*",OFFSET(Budget!#REF!,Q13,0,ROWS(#REF!)-Q13,1),0)+Q13,999),IFERROR(MATCH("*PDEng*",OFFSET(Budget!#REF!,Q13,0,ROWS(#REF!)-Q13,1),0)+Q13,999),IFERROR(MATCH("*Doctorate*",OFFSET(Budget!#REF!,Q13,0,ROWS(#REF!)-Q13,1),0)+Q13,999))<ROWS(#REF!),MIN(IFERROR(MATCH("*PostDoc*",OFFSET(Budget!#REF!,Q13,0,ROWS(#REF!)-Q13,1),0)+Q13,999),IFERROR(MATCH("*PhD*",OFFSET(Budget!#REF!,Q13,0,ROWS(#REF!)-Q13,1),0)+Q13,999),IFERROR(MATCH("*PDEng*",OFFSET(Budget!#REF!,Q13,0,ROWS(#REF!)-Q13,1),0)+Q13,999),IFERROR(MATCH("*Doctorate*",OFFSET(Budget!#REF!,Q13,0,ROWS(#REF!)-Q13,1),0)+Q13,999)),"") -> #REF! | R14: =IFERROR(INDEX(#REF!,Q14),"") | S14: =IFERROR(INDEX(#REF!,Q14),"") | T14: =IFERROR(INDEX(#REF!,Q14),"") | U14: =SUBSTITUTE(IFERROR(INDEX(#REF!,Q14),""),0,"") | V14: =SUBSTITUTE(IFERROR(INDEX(#REF!,Q14),""),0,"") | X14: =IF(ROW(E1551)-ROW($E$1548)<ROWS(#REF!),IFERROR(IF(INDEX(list_cofunders[private?],MATCH(Budget!#REF!,list_cofunders[list cofunders],0),1)="yes",Budget!#REF!,""),""),"") -> #REF! | Y14: =IF(ROW(E1654)-ROW($E$1651)<ROWS(#REF!),IFERROR(IF(INDEX(list_cofunders[private?],MATCH(Budget!#REF!,list_cofunders[list cofunders],0),1)="yes",Budget!#REF!,""),""),"") -> #REF! | Z14: =IFERROR(INDEX(#REF!,X14),"")
B15: =IF(IFERROR(MATCH("*Other*",OFFSET(Budget!#REF!,B14,0,ROWS(#REF!),1),0)+B14,999)<ROWS(#REF!),IFERROR(MATCH("*Other*",OFFSET(Budget!#REF!,B14,0,ROWS(#REF!),1),0)+B14,999),"") -> #REF! | C15: =IFERROR(INDEX(#REF!,B15),"") | E15: =IF(MIN(IFERROR(MATCH("*PostDoc*",OFFSET(Budget!#REF!,E14,0,ROWS(#REF!),1),0)+E14,999),IFERROR(MATCH("*PhD*",OFFSET(Budget!#REF!,E14,0,ROWS(#REF!),1),0)+E14,999),IFERROR(MATCH("*PDEng*",OFFSET(Budget!#REF!,E14,0,ROWS(#REF!),1),0)+E14,999))<ROWS(#REF!),MIN(IFERROR(MATCH("*PostDoc*",OFFSET(Budget!#REF!,E14,0,ROWS(#REF!),1),0)+E14,999),IFERROR(MATCH("*PhD*",OFFSET(Budget!#REF!,E14,0,ROWS(#REF!),1),0)+E14,999),IFERROR(MATCH("*PDEng*",OFFSET(Budget!#REF!,E14,0,ROWS(#REF!),1),0)+E14,999)),"") -> #REF! | F15: =IFERROR(INDEX(#REF!,E15)*INDEX(#REF!,E15)/12,"") | H15: =IF(IFERROR(MATCH("*researcher*",OFFSET(Budget!#REF!,H14,0,ROWS(#REF!),1),0)+H14,999)<ROWS(#REF!),IFERROR(MATCH("*researcher*",OFFSET(Budget!#REF!,H14,0,ROWS(#REF!),1),0)+H14,999),"") -> #REF! | I15: =IF(ISERROR(IF(AND(INDEX(#REF!,H15)>=pers_oi_min_months,INDEX(#REF!,H15)/INDEX(#REF!,H15)*12/pers_other_nrhours_year>=pers_oi_minFTE)=TRUE,INDEX(#REF!,H15)/12,0)),"",IF(AND(INDEX(#REF!,H15)>=pers_oi_min_months,INDEX(#REF!,H15)/INDEX(#REF!,H15)*12/pers_other_nrhours_year>=pers_oi_minFTE)=TRUE,INDEX(#REF!,H15)/12,"")) | K15: =IF(IFERROR(MATCH("*Non-scientific*",OFFSET(Budget!#REF!,K14,0,ROWS(#REF!),1),0)+K14,999)<ROWS(#REF!),IFERROR(MATCH("*Non-scientific*",OFFSET(Budget!#REF!,K14,0,ROWS(#REF!),1),0)+K14,999),"") -> #REF! | L15: =IFERROR(INDEX(#REF!,K15),"") | N15: =IF(IFERROR(MATCH("*leave*",OFFSET(Budget!#REF!,N14,0,ROWS(#REF!),1),0)+N14,999)<ROWS(#REF!),IFERROR(MATCH("*leave*",OFFSET(Budget!#REF!,N14,0,ROWS(#REF!),1),0)+N14,999),"") -> #REF! | O15: =IFERROR(INDEX(#REF!,N15)*INDEX(#REF!,N15),"") | Q15: =IF(MIN(IFERROR(MATCH("*PostDoc*",OFFSET(Budget!#REF!,Q14,0,ROWS(#REF!)-Q14,1),0)+Q14,999),IFERROR(MATCH("*PhD*",OFFSET(Budget!#REF!,Q14,0,ROWS(#REF!)-Q14,1),0)+Q14,999),IFERROR(MATCH("*PDEng*",OFFSET(Budget!#REF!,Q14,0,ROWS(#REF!)-Q14,1),0)+Q14,999),IFERROR(MATCH("*Doctorate*",OFFSET(Budget!#REF!,Q14,0,ROWS(#REF!)-Q14,1),0)+Q14,999))<ROWS(#REF!),MIN(IFERROR(MATCH("*PostDoc*",OFFSET(Budget!#REF!,Q14,0,ROWS(#REF!)-Q14,1),0)+Q14,999),IFERROR(MATCH("*PhD*",OFFSET(Budget!#REF!,Q14,0,ROWS(#REF!)-Q14,1),0)+Q14,999),IFERROR(MATCH("*PDEng*",OFFSET(Budget!#REF!,Q14,0,ROWS(#REF!)-Q14,1),0)+Q14,999),IFERROR(MATCH("*Doctorate*",OFFSET(Budget!#REF!,Q14,0,ROWS(#REF!)-Q14,1),0)+Q14,999)),"") -> #REF! | R15: =IFERROR(INDEX(#REF!,Q15),"") | S15: =IFERROR(INDEX(#REF!,Q15),"") | T15: =IFERROR(INDEX(#REF!,Q15),"") | U15: =SUBSTITUTE(IFERROR(INDEX(#REF!,Q15),""),0,"") | V15: =SUBSTITUTE(IFERROR(INDEX(#REF!,Q15),""),0,"") | X15: =IF(ROW(E1552)-ROW($E$1548)<ROWS(#REF!),IFERROR(IF(INDEX(list_cofunders[private?],MATCH(Budget!#REF!,list_cofunders[list cofunders],0),1)="yes",Budget!#REF!,""),""),"") -> #REF! | Y15: =IF(ROW(E1655)-ROW($E$1651)<ROWS(#REF!),IFERROR(IF(INDEX(list_cofunders[private?],MATCH(Budget!#REF!,list_cofunders[list cofunders],0),1)="yes",Budget!#REF!,""),""),"") -> #REF! | Z15: =IFERROR(INDEX(#REF!,X15),"")
B16: =IF(IFERROR(MATCH("*Other*",OFFSET(Budget!#REF!,B15,0,ROWS(#REF!),1),0)+B15,999)<ROWS(#REF!),IFERROR(MATCH("*Other*",OFFSET(Budget!#REF!,B15,0,ROWS(#REF!),1),0)+B15,999),"") -> #REF! | C16: =IFERROR(INDEX(#REF!,B16),"") | E16: =IF(MIN(IFERROR(MATCH("*PostDoc*",OFFSET(Budget!#REF!,E15,0,ROWS(#REF!),1),0)+E15,999),IFERROR(MATCH("*PhD*",OFFSET(Budget!#REF!,E15,0,ROWS(#REF!),1),0)+E15,999),IFERROR(MATCH("*PDEng*",OFFSET(Budget!#REF!,E15,0,ROWS(#REF!),1),0)+E15,999))<ROWS(#REF!),MIN(IFERROR(MATCH("*PostDoc*",OFFSET(Budget!#REF!,E15,0,ROWS(#REF!),1),0)+E15,999),IFERROR(MATCH("*PhD*",OFFSET(Budget!#REF!,E15,0,ROWS(#REF!),1),0)+E15,999),IFERROR(MATCH("*PDEng*",OFFSET(Budget!#REF!,E15,0,ROWS(#REF!),1),0)+E15,999)),"") -> #REF! | F16: =IFERROR(INDEX(#REF!,E16)*INDEX(#REF!,E16)/12,"") | H16: =IF(IFERROR(MATCH("*researcher*",OFFSET(Budget!#REF!,H15,0,ROWS(#REF!),1),0)+H15,999)<ROWS(#REF!),IFERROR(MATCH("*researcher*",OFFSET(Budget!#REF!,H15,0,ROWS(#REF!),1),0)+H15,999),"") -> #REF! | I16: =IF(ISERROR(IF(AND(INDEX(#REF!,H16)>=pers_oi_min_months,INDEX(#REF!,H16)/INDEX(#REF!,H16)*12/pers_other_nrhours_year>=pers_oi_minFTE)=TRUE,INDEX(#REF!,H16)/12,0)),"",IF(AND(INDEX(#REF!,H16)>=pers_oi_min_months,INDEX(#REF!,H16)/INDEX(#REF!,H16)*12/pers_other_nrhours_year>=pers_oi_minFTE)=TRUE,INDEX(#REF!,H16)/12,"")) | K16: =IF(IFERROR(MATCH("*Non-scientific*",OFFSET(Budget!#REF!,K15,0,ROWS(#REF!),1),0)+K15,999)<ROWS(#REF!),IFERROR(MATCH("*Non-scientific*",OFFSET(Budget!#REF!,K15,0,ROWS(#REF!),1),0)+K15,999),"") -> #REF! | L16: =IFERROR(INDEX(#REF!,K16),"") | N16: =IF(IFERROR(MATCH("*leave*",OFFSET(Budget!#REF!,N15,0,ROWS(#REF!),1),0)+N15,999)<ROWS(#REF!),IFERROR(MATCH("*leave*",OFFSET(Budget!#REF!,N15,0,ROWS(#REF!),1),0)+N15,999),"") -> #REF! | O16: =IFERROR(INDEX(#REF!,N16)*INDEX(#REF!,N16),"") | Q16: =IF(MIN(IFERROR(MATCH("*PostDoc*",OFFSET(Budget!#REF!,Q15,0,ROWS(#REF!)-Q15,1),0)+Q15,999),IFERROR(MATCH("*PhD*",OFFSET(Budget!#REF!,Q15,0,ROWS(#REF!)-Q15,1),0)+Q15,999),IFERROR(MATCH("*PDEng*",OFFSET(Budget!#REF!,Q15,0,ROWS(#REF!)-Q15,1),0)+Q15,999),IFERROR(MATCH("*Doctorate*",OFFSET(Budget!#REF!,Q15,0,ROWS(#REF!)-Q15,1),0)+Q15,999))<ROWS(#REF!),MIN(IFERROR(MATCH("*PostDoc*",OFFSET(Budget!#REF!,Q15,0,ROWS(#REF!)-Q15,1),0)+Q15,999),IFERROR(MATCH("*PhD*",OFFSET(Budget!#REF!,Q15,0,ROWS(#REF!)-Q15,1),0)+Q15,999),IFERROR(MATCH("*PDEng*",OFFSET(Budget!#REF!,Q15,0,ROWS(#REF!)-Q15,1),0)+Q15,999),IFERROR(MATCH("*Doctorate*",OFFSET(Budget!#REF!,Q15,0,ROWS(#REF!)-Q15,1),0)+Q15,999)),"") -> #REF! | R16: =IFERROR(INDEX(#REF!,Q16),"") | S16: =IFERROR(INDEX(#REF!,Q16),"") | T16: =IFERROR(INDEX(#REF!,Q16),"") | U16: =SUBSTITUTE(IFERROR(INDEX(#REF!,Q16),""),0,"") | V16: =SUBSTITUTE(IFERROR(INDEX(#REF!,Q16),""),0,"") | X16: =IF(ROW(E1553)-ROW($E$1548)<ROWS(#REF!),IFERROR(IF(INDEX(list_cofunders[private?],MATCH(Budget!#REF!,list_cofunders[list cofunders],0),1)="yes",Budget!#REF!,""),""),"") -> #REF! | Y16: =IF(ROW(E1656)-ROW($E$1651)<ROWS(#REF!),IFERROR(IF(INDEX(list_cofunders[private?],MATCH(Budget!#REF!,list_cofunders[list cofunders],0),1)="yes",Budget!#REF!,""),""),"") -> #REF! | Z16: =IFERROR(INDEX(#REF!,X16),"")
B17: =IF(IFERROR(MATCH("*Other*",OFFSET(Budget!#REF!,B16,0,ROWS(#REF!),1),0)+B16,999)<ROWS(#REF!),IFERROR(MATCH("*Other*",OFFSET(Budget!#REF!,B16,0,ROWS(#REF!),1),0)+B16,999),"") -> #REF! | C17: =IFERROR(INDEX(#REF!,B17),"") | E17: =IF(MIN(IFERROR(MATCH("*PostDoc*",OFFSET(Budget!#REF!,E16,0,ROWS(#REF!),1),0)+E16,999),IFERROR(MATCH("*PhD*",OFFSET(Budget!#REF!,E16,0,ROWS(#REF!),1),0)+E16,999),IFERROR(MATCH("*PDEng*",OFFSET(Budget!#REF!,E16,0,ROWS(#REF!),1),0)+E16,999))<ROWS(#REF!),MIN(IFERROR(MATCH("*PostDoc*",OFFSET(Budget!#REF!,E16,0,ROWS(#REF!),1),0)+E16,999),IFERROR(MATCH("*PhD*",OFFSET(Budget!#REF!,E16,0,ROWS(#REF!),1),0)+E16,999),IFERROR(MATCH("*PDEng*",OFFSET(Budget!#REF!,E16,0,ROWS(#REF!),1),0)+E16,999)),"") -> #REF! | F17: =IFERROR(INDEX(#REF!,E17)*INDEX(#REF!,E17)/12,"") | H17: =IF(IFERROR(MATCH("*researcher*",OFFSET(Budget!#REF!,H16,0,ROWS(#REF!),1),0)+H16,999)<ROWS(#REF!),IFERROR(MATCH("*researcher*",OFFSET(Budget!#REF!,H16,0,ROWS(#REF!),1),0)+H16,999),"") -> #REF! | I17: =IF(ISERROR(IF(AND(INDEX(#REF!,H17)>=pers_oi_min_months,INDEX(#REF!,H17)/INDEX(#REF!,H17)*12/pers_other_nrhours_year>=pers_oi_minFTE)=TRUE,INDEX(#REF!,H17)/12,0)),"",IF(AND(INDEX(#REF!,H17)>=pers_oi_min_months,INDEX(#REF!,H17)/INDEX(#REF!,H17)*12/pers_other_nrhours_year>=pers_oi_minFTE)=TRUE,INDEX(#REF!,H17)/12,"")) | K17: =IF(IFERROR(MATCH("*Non-scientific*",OFFSET(Budget!#REF!,K16,0,ROWS(#REF!),1),0)+K16,999)<ROWS(#REF!),IFERROR(MATCH("*Non-scientific*",OFFSET(Budget!#REF!,K16,0,ROWS(#REF!),1),0)+K16,999),"") -> #REF! | L17: =IFERROR(INDEX(#REF!,K17),"") | N17: =IF(IFERROR(MATCH("*leave*",OFFSET(Budget!#REF!,N16,0,ROWS(#REF!),1),0)+N16,999)<ROWS(#REF!),IFERROR(MATCH("*leave*",OFFSET(Budget!#REF!,N16,0,ROWS(#REF!),1),0)+N16,999),"") -> #REF! | O17: =IFERROR(INDEX(#REF!,N17)*INDEX(#REF!,N17),"") | Q17: =IF(MIN(IFERROR(MATCH("*PostDoc*",OFFSET(Budget!#REF!,Q16,0,ROWS(#REF!)-Q16,1),0)+Q16,999),IFERROR(MATCH("*PhD*",OFFSET(Budget!#REF!,Q16,0,ROWS(#REF!)-Q16,1),0)+Q16,999),IFERROR(MATCH("*PDEng*",OFFSET(Budget!#REF!,Q16,0,ROWS(#REF!)-Q16,1),0)+Q16,999),IFERROR(MATCH("*Doctorate*",OFFSET(Budget!#REF!,Q16,0,ROWS(#REF!)-Q16,1),0)+Q16,999))<ROWS(#REF!),MIN(IFERROR(MATCH("*PostDoc*",OFFSET(Budget!#REF!,Q16,0,ROWS(#REF!)-Q16,1),0)+Q16,999),IFERROR(MATCH("*PhD*",OFFSET(Budget!#REF!,Q16,0,ROWS(#REF!)-Q16,1),0)+Q16,999),IFERROR(MATCH("*PDEng*",OFFSET(Budget!#REF!,Q16,0,ROWS(#REF!)-Q16,1),0)+Q16,999),IFERROR(MATCH("*Doctorate*",OFFSET(Budget!#REF!,Q16,0,ROWS(#REF!)-Q16,1),0)+Q16,999)),"") -> #REF! | R17: =IFERROR(INDEX(#REF!,Q17),"") | S17: =IFERROR(INDEX(#REF!,Q17),"") | T17: =IFERROR(INDEX(#REF!,Q17),"") | U17: =SUBSTITUTE(IFERROR(INDEX(#REF!,Q17),""),0,"") | V17: =SUBSTITUTE(IFERROR(INDEX(#REF!,Q17),""),0,"") | X17: =IF(ROW(E1554)-ROW($E$1548)<ROWS(#REF!),IFERROR(IF(INDEX(list_cofunders[private?],MATCH(Budget!#REF!,list_cofunders[list cofunders],0),1)="yes",Budget!#REF!,""),""),"") -> #REF! | Y17: =IF(ROW(E1657)-ROW($E$1651)<ROWS(#REF!),IFERROR(IF(INDEX(list_cofunders[private?],MATCH(Budget!#REF!,list_cofunders[list cofunders],0),1)="yes",Budget!#REF!,""),""),"") -> #REF! | Z17: =IFERROR(INDEX(#REF!,X17),"")
B18: =IF(IFERROR(MATCH("*Other*",OFFSET(Budget!#REF!,B17,0,ROWS(#REF!),1),0)+B17,999)<ROWS(#REF!),IFERROR(MATCH("*Other*",OFFSET(Budget!#REF!,B17,0,ROWS(#REF!),1),0)+B17,999),"") -> #REF! | C18: =IFERROR(INDEX(#REF!,B18),"") | E18: =IF(MIN(IFERROR(MATCH("*PostDoc*",OFFSET(Budget!#REF!,E17,0,ROWS(#REF!),1),0)+E17,999),IFERROR(MATCH("*PhD*",OFFSET(Budget!#REF!,E17,0,ROWS(#REF!),1),0)+E17,999),IFERROR(MATCH("*PDEng*",OFFSET(Budget!#REF!,E17,0,ROWS(#REF!),1),0)+E17,999))<ROWS(#REF!),MIN(IFERROR(MATCH("*PostDoc*",OFFSET(Budget!#REF!,E17,0,ROWS(#REF!),1),0)+E17,999),IFERROR(MATCH("*PhD*",OFFSET(Budget!#REF!,E17,0,ROWS(#REF!),1),0)+E17,999),IFERROR(MATCH("*PDEng*",OFFSET(Budget!#REF!,E17,0,ROWS(#REF!),1),0)+E17,999)),"") -> #REF! | F18: =IFERROR(INDEX(#REF!,E18)*INDEX(#REF!,E18)/12,"") | H18: =IF(IFERROR(MATCH("*researcher*",OFFSET(Budget!#REF!,H17,0,ROWS(#REF!),1),0)+H17,999)<ROWS(#REF!),IFERROR(MATCH("*researcher*",OFFSET(Budget!#REF!,H17,0,ROWS(#REF!),1),0)+H17,999),"") -> #REF! | I18: =IF(ISERROR(IF(AND(INDEX(#REF!,H18)>=pers_oi_min_months,INDEX(#REF!,H18)/INDEX(#REF!,H18)*12/pers_other_nrhours_year>=pers_oi_minFTE)=TRUE,INDEX(#REF!,H18)/12,0)),"",IF(AND(INDEX(#REF!,H18)>=pers_oi_min_months,INDEX(#REF!,H18)/INDEX(#REF!,H18)*12/pers_other_nrhours_year>=pers_oi_minFTE)=TRUE,INDEX(#REF!,H18)/12,"")) | K18: =IF(IFERROR(MATCH("*Non-scientific*",OFFSET(Budget!#REF!,K17,0,ROWS(#REF!),1),0)+K17,999)<ROWS(#REF!),IFERROR(MATCH("*Non-scientific*",OFFSET(Budget!#REF!,K17,0,ROWS(#REF!),1),0)+K17,999),"") -> #REF! | L18: =IFERROR(INDEX(#REF!,K18),"") | N18: =IF(IFERROR(MATCH("*leave*",OFFSET(Budget!#REF!,N17,0,ROWS(#REF!),1),0)+N17,999)<ROWS(#REF!),IFERROR(MATCH("*leave*",OFFSET(Budget!#REF!,N17,0,ROWS(#REF!),1),0)+N17,999),"") -> #REF! | O18: =IFERROR(INDEX(#REF!,N18)*INDEX(#REF!,N18),"") | Q18: =IF(MIN(IFERROR(MATCH("*PostDoc*",OFFSET(Budget!#REF!,Q17,0,ROWS(#REF!)-Q17,1),0)+Q17,999),IFERROR(MATCH("*PhD*",OFFSET(Budget!#REF!,Q17,0,ROWS(#REF!)-Q17,1),0)+Q17,999),IFERROR(MATCH("*PDEng*",OFFSET(Budget!#REF!,Q17,0,ROWS(#REF!)-Q17,1),0)+Q17,999),IFERROR(MATCH("*Doctorate*",OFFSET(Budget!#REF!,Q17,0,ROWS(#REF!)-Q17,1),0)+Q17,999))<ROWS(#REF!),MIN(IFERROR(MATCH("*PostDoc*",OFFSET(Budget!#REF!,Q17,0,ROWS(#REF!)-Q17,1),0)+Q17,999),IFERROR(MATCH("*PhD*",OFFSET(Budget!#REF!,Q17,0,ROWS(#REF!)-Q17,1),0)+Q17,999),IFERROR(MATCH("*PDEng*",OFFSET(Budget!#REF!,Q17,0,ROWS(#REF!)-Q17,1),0)+Q17,999),IFERROR(MATCH("*Doctorate*",OFFSET(Budget!#REF!,Q17,0,ROWS(#REF!)-Q17,1),0)+Q17,999)),"") -> #REF! | R18: =IFERROR(INDEX(#REF!,Q18),"") | S18: =IFERROR(INDEX(#REF!,Q18),"") | T18: =IFERROR(INDEX(#REF!,Q18),"") | U18: =SUBSTITUTE(IFERROR(INDEX(#REF!,Q18),""),0,"") | V18: =SUBSTITUTE(IFERROR(INDEX(#REF!,Q18),""),0,"") | X18: =IF(ROW(E1555)-ROW($E$1548)<ROWS(#REF!),IFERROR(IF(INDEX(list_cofunders[private?],MATCH(Budget!#REF!,list_cofunders[list cofunders],0),1)="yes",Budget!#REF!,""),""),"") -> #REF! | Y18: =IF(ROW(E1658)-ROW($E$1651)<ROWS(#REF!),IFERROR(IF(INDEX(list_cofunders[private?],MATCH(Budget!#REF!,list_cofunders[list cofunders],0),1)="yes",Budget!#REF!,""),""),"") -> #REF! | Z18: =IFERROR(INDEX(#REF!,X18),"")
B19: =IF(IFERROR(MATCH("*Other*",OFFSET(Budget!#REF!,B18,0,ROWS(#REF!),1),0)+B18,999)<ROWS(#REF!),IFERROR(MATCH("*Other*",OFFSET(Budget!#REF!,B18,0,ROWS(#REF!),1),0)+B18,999),"") -> #REF! | C19: =IFERROR(INDEX(#REF!,B19),"") | E19: =IF(MIN(IFERROR(MATCH("*PostDoc*",OFFSET(Budget!#REF!,E18,0,ROWS(#REF!),1),0)+E18,999),IFERROR(MATCH("*PhD*",OFFSET(Budget!#REF!,E18,0,ROWS(#REF!),1),0)+E18,999),IFERROR(MATCH("*PDEng*",OFFSET(Budget!#REF!,E18,0,ROWS(#REF!),1),0)+E18,999))<ROWS(#REF!),MIN(IFERROR(MATCH("*PostDoc*",OFFSET(Budget!#REF!,E18,0,ROWS(#REF!),1),0)+E18,999),IFERROR(MATCH("*PhD*",OFFSET(Budget!#REF!,E18,0,ROWS(#REF!),1),0)+E18,999),IFERROR(MATCH("*PDEng*",OFFSET(Budget!#REF!,E18,0,ROWS(#REF!),1),0)+E18,999)),"") -> #REF! | F19: =IFERROR(INDEX(#REF!,E19)*INDEX(#REF!,E19)/12,"") | H19: =IF(IFERROR(MATCH("*researcher*",OFFSET(Budget!#REF!,H18,0,ROWS(#REF!),1),0)+H18,999)<ROWS(#REF!),IFERROR(MATCH("*researcher*",OFFSET(Budget!#REF!,H18,0,ROWS(#REF!),1),0)+H18,999),"") -> #REF! | I19: =IF(ISERROR(IF(AND(INDEX(#REF!,H19)>=pers_oi_min_months,INDEX(#REF!,H19)/INDEX(#REF!,H19)*12/pers_other_nrhours_year>=pers_oi_minFTE)=TRUE,INDEX(#REF!,H19)/12,0)),"",IF(AND(INDEX(#REF!,H19)>=pers_oi_min_months,INDEX(#REF!,H19)/INDEX(#REF!,H19)*12/pers_other_nrhours_year>=pers_oi_minFTE)=TRUE,INDEX(#REF!,H19)/12,"")) | K19: =IF(IFERROR(MATCH("*Non-scientific*",OFFSET(Budget!#REF!,K18,0,ROWS(#REF!),1),0)+K18,999)<ROWS(#REF!),IFERROR(MATCH("*Non-scientific*",OFFSET(Budget!#REF!,K18,0,ROWS(#REF!),1),0)+K18,999),"") -> #REF! | L19: =IFERROR(INDEX(#REF!,K19),"") | N19: =IF(IFERROR(MATCH("*leave*",OFFSET(Budget!#REF!,N18,0,ROWS(#REF!),1),0)+N18,999)<ROWS(#REF!),IFERROR(MATCH("*leave*",OFFSET(Budget!#REF!,N18,0,ROWS(#REF!),1),0)+N18,999),"") -> #REF! | O19: =IFERROR(INDEX(#REF!,N19)*INDEX(#REF!,N19),"") | Q19: =IF(MIN(IFERROR(MATCH("*PostDoc*",OFFSET(Budget!#REF!,Q18,0,ROWS(#REF!)-Q18,1),0)+Q18,999),IFERROR(MATCH("*PhD*",OFFSET(Budget!#REF!,Q18,0,ROWS(#REF!)-Q18,1),0)+Q18,999),IFERROR(MATCH("*PDEng*",OFFSET(Budget!#REF!,Q18,0,ROWS(#REF!)-Q18,1),0)+Q18,999),IFERROR(MATCH("*Doctorate*",OFFSET(Budget!#REF!,Q18,0,ROWS(#REF!)-Q18,1),0)+Q18,999))<ROWS(#REF!),MIN(IFERROR(MATCH("*PostDoc*",OFFSET(Budget!#REF!,Q18,0,ROWS(#REF!)-Q18,1),0)+Q18,999),IFERROR(MATCH("*PhD*",OFFSET(Budget!#REF!,Q18,0,ROWS(#REF!)-Q18,1),0)+Q18,999),IFERROR(MATCH("*PDEng*",OFFSET(Budget!#REF!,Q18,0,ROWS(#REF!)-Q18,1),0)+Q18,999),IFERROR(MATCH("*Doctorate*",OFFSET(Budget!#REF!,Q18,0,ROWS(#REF!)-Q18,1),0)+Q18,999)),"") -> #REF! | R19: =IFERROR(INDEX(#REF!,Q19),"") | S19: =IFERROR(INDEX(#REF!,Q19),"") | T19: =IFERROR(INDEX(#REF!,Q19),"") | U19: =SUBSTITUTE(IFERROR(INDEX(#REF!,Q19),""),0,"") | V19: =SUBSTITUTE(IFERROR(INDEX(#REF!,Q19),""),0,"") | X19: =IF(ROW(E1556)-ROW($E$1548)<ROWS(#REF!),IFERROR(IF(INDEX(list_cofunders[private?],MATCH(Budget!#REF!,list_cofunders[list cofunders],0),1)="yes",Budget!#REF!,""),""),"") -> #REF! | Y19: =IF(ROW(E1659)-ROW($E$1651)<ROWS(#REF!),IFERROR(IF(INDEX(list_cofunders[private?],MATCH(Budget!#REF!,list_cofunders[list cofunders],0),1)="yes",Budget!#REF!,""),""),"") -> #REF! | Z19: =IFERROR(INDEX(#REF!,X19),"")
B20: =IF(IFERROR(MATCH("*Other*",OFFSET(Budget!#REF!,B19,0,ROWS(#REF!),1),0)+B19,999)<ROWS(#REF!),IFERROR(MATCH("*Other*",OFFSET(Budget!#REF!,B19,0,ROWS(#REF!),1),0)+B19,999),"") -> #REF! | C20: =IFERROR(INDEX(#REF!,B20),"") | E20: =IF(MIN(IFERROR(MATCH("*PostDoc*",OFFSET(Budget!#REF!,E19,0,ROWS(#REF!),1),0)+E19,999),IFERROR(MATCH("*PhD*",OFFSET(Budget!#REF!,E19,0,ROWS(#REF!),1),0)+E19,999),IFERROR(MATCH("*PDEng*",OFFSET(Budget!#REF!,E19,0,ROWS(#REF!),1),0)+E19,999))<ROWS(#REF!),MIN(IFERROR(MATCH("*PostDoc*",OFFSET(Budget!#REF!,E19,0,ROWS(#REF!),1),0)+E19,999),IFERROR(MATCH("*PhD*",OFFSET(Budget!#REF!,E19,0,ROWS(#REF!),1),0)+E19,999),IFERROR(MATCH("*PDEng*",OFFSET(Budget!#REF!,E19,0,ROWS(#REF!),1),0)+E19,999)),"") -> #REF! | F20: =IFERROR(INDEX(#REF!,E20)*INDEX(#REF!,E20)/12,"") | H20: =IF(IFERROR(MATCH("*researcher*",OFFSET(Budget!#REF!,H19,0,ROWS(#REF!),1),0)+H19,999)<ROWS(#REF!),IFERROR(MATCH("*researcher*",OFFSET(Budget!#REF!,H19,0,ROWS(#REF!),1),0)+H19,999),"") -> #REF! | I20: =IF(ISERROR(IF(AND(INDEX(#REF!,H20)>=pers_oi_min_months,INDEX(#REF!,H20)/INDEX(#REF!,H20)*12/pers_other_nrhours_year>=pers_oi_minFTE)=TRUE,INDEX(#REF!,H20)/12,0)),"",IF(AND(INDEX(#REF!,H20)>=pers_oi_min_months,INDEX(#REF!,H20)/INDEX(#REF!,H20)*12/pers_other_nrhours_year>=pers_oi_minFTE)=TRUE,INDEX(#REF!,H20)/12,"")) | K20: =IF(IFERROR(MATCH("*Non-scientific*",OFFSET(Budget!#REF!,K19,0,ROWS(#REF!),1),0)+K19,999)<ROWS(#REF!),IFERROR(MATCH("*Non-scientific*",OFFSET(Budget!#REF!,K19,0,ROWS(#REF!),1),0)+K19,999),"") -> #REF! | L20: =IFERROR(INDEX(#REF!,K20),"") | N20: =IF(IFERROR(MATCH("*leave*",OFFSET(Budget!#REF!,N19,0,ROWS(#REF!),1),0)+N19,999)<ROWS(#REF!),IFERROR(MATCH("*leave*",OFFSET(Budget!#REF!,N19,0,ROWS(#REF!),1),0)+N19,999),"") -> #REF! | O20: =IFERROR(INDEX(#REF!,N20)*INDEX(#REF!,N20),"") | Q20: =IF(MIN(IFERROR(MATCH("*PostDoc*",OFFSET(Budget!#REF!,Q19,0,ROWS(#REF!)-Q19,1),0)+Q19,999),IFERROR(MATCH("*PhD*",OFFSET(Budget!#REF!,Q19,0,ROWS(#REF!)-Q19,1),0)+Q19,999),IFERROR(MATCH("*PDEng*",OFFSET(Budget!#REF!,Q19,0,ROWS(#REF!)-Q19,1),0)+Q19,999),IFERROR(MATCH("*Doctorate*",OFFSET(Budget!#REF!,Q19,0,ROWS(#REF!)-Q19,1),0)+Q19,999))<ROWS(#REF!),MIN(IFERROR(MATCH("*PostDoc*",OFFSET(Budget!#REF!,Q19,0,ROWS(#REF!)-Q19,1),0)+Q19,999),IFERROR(MATCH("*PhD*",OFFSET(Budget!#REF!,Q19,0,ROWS(#REF!)-Q19,1),0)+Q19,999),IFERROR(MATCH("*PDEng*",OFFSET(Budget!#REF!,Q19,0,ROWS(#REF!)-Q19,1),0)+Q19,999),IFERROR(MATCH("*Doctorate*",OFFSET(Budget!#REF!,Q19,0,ROWS(#REF!)-Q19,1),0)+Q19,999)),"") -> #REF! | R20: =IFERROR(INDEX(#REF!,Q20),"") | S20: =IFERROR(INDEX(#REF!,Q20),"") | T20: =IFERROR(INDEX(#REF!,Q20),"") | U20: =SUBSTITUTE(IFERROR(INDEX(#REF!,Q20),""),0,"") | V20: =SUBSTITUTE(IFERROR(INDEX(#REF!,Q20),""),0,"") | X20: =IF(ROW(E1557)-ROW($E$1548)<ROWS(#REF!),IFERROR(IF(INDEX(list_cofunders[private?],MATCH(Budget!#REF!,list_cofunders[list cofunders],0),1)="yes",Budget!#REF!,""),""),"") -> #REF! | Y20: =IF(ROW(E1660)-ROW($E$1651)<ROWS(#REF!),IFERROR(IF(INDEX(list_cofunders[private?],MATCH(Budget!#REF!,list_cofunders[list cofunders],0),1)="yes",Budget!#REF!,""),""),"") -> #REF! | Z20: =IFERROR(INDEX(#REF!,X20),"")
B21: =IF(IFERROR(MATCH("*Other*",OFFSET(Budget!#REF!,B20,0,ROWS(#REF!),1),0)+B20,999)<ROWS(#REF!),IFERROR(MATCH("*Other*",OFFSET(Budget!#REF!,B20,0,ROWS(#REF!),1),0)+B20,999),"") -> #REF! | C21: =IFERROR(INDEX(#REF!,B21),"") | E21: =IF(MIN(IFERROR(MATCH("*PostDoc*",OFFSET(Budget!#REF!,E20,0,ROWS(#REF!),1),0)+E20,999),IFERROR(MATCH("*PhD*",OFFSET(Budget!#REF!,E20,0,ROWS(#REF!),1),0)+E20,999),IFERROR(MATCH("*PDEng*",OFFSET(Budget!#REF!,E20,0,ROWS(#REF!),1),0)+E20,999))<ROWS(#REF!),MIN(IFERROR(MATCH("*PostDoc*",OFFSET(Budget!#REF!,E20,0,ROWS(#REF!),1),0)+E20,999),IFERROR(MATCH("*PhD*",OFFSET(Budget!#REF!,E20,0,ROWS(#REF!),1),0)+E20,999),IFERROR(MATCH("*PDEng*",OFFSET(Budget!#REF!,E20,0,ROWS(#REF!),1),0)+E20,999)),"") -> #REF! | F21: =IFERROR(INDEX(#REF!,E21)*INDEX(#REF!,E21)/12,"") | H21: =IF(IFERROR(MATCH("*researcher*",OFFSET(Budget!#REF!,H20,0,ROWS(#REF!),1),0)+H20,999)<ROWS(#REF!),IFERROR(MATCH("*researcher*",OFFSET(Budget!#REF!,H20,0,ROWS(#REF!),1),0)+H20,999),"") -> #REF! | I21: =IF(ISERROR(IF(AND(INDEX(#REF!,H21)>=pers_oi_min_months,INDEX(#REF!,H21)/INDEX(#REF!,H21)*12/pers_other_nrhours_year>=pers_oi_minFTE)=TRUE,INDEX(#REF!,H21)/12,0)),"",IF(AND(INDEX(#REF!,H21)>=pers_oi_min_months,INDEX(#REF!,H21)/INDEX(#REF!,H21)*12/pers_other_nrhours_year>=pers_oi_minFTE)=TRUE,INDEX(#REF!,H21)/12,"")) | K21: =IF(IFERROR(MATCH("*Non-scientific*",OFFSET(Budget!#REF!,K20,0,ROWS(#REF!),1),0)+K20,999)<ROWS(#REF!),IFERROR(MATCH("*Non-scientific*",OFFSET(Budget!#REF!,K20,0,ROWS(#REF!),1),0)+K20,999),"") -> #REF! | L21: =IFERROR(INDEX(#REF!,K21),"") | N21: =IF(IFERROR(MATCH("*leave*",OFFSET(Budget!#REF!,N20,0,ROWS(#REF!),1),0)+N20,999)<ROWS(#REF!),IFERROR(MATCH("*leave*",OFFSET(Budget!#REF!,N20,0,ROWS(#REF!),1),0)+N20,999),"") -> #REF! | O21: =IFERROR(INDEX(#REF!,N21)*INDEX(#REF!,N21),"") | Q21: =IF(MIN(IFERROR(MATCH("*PostDoc*",OFFSET(Budget!#REF!,Q20,0,ROWS(#REF!)-Q20,1),0)+Q20,999),IFERROR(MATCH("*PhD*",OFFSET(Budget!#REF!,Q20,0,ROWS(#REF!)-Q20,1),0)+Q20,999),IFERROR(MATCH("*PDEng*",OFFSET(Budget!#REF!,Q20,0,ROWS(#REF!)-Q20,1),0)+Q20,999),IFERROR(MATCH("*Doctorate*",OFFSET(Budget!#REF!,Q20,0,ROWS(#REF!)-Q20,1),0)+Q20,999))<ROWS(#REF!),MIN(IFERROR(MATCH("*PostDoc*",OFFSET(Budget!#REF!,Q20,0,ROWS(#REF!)-Q20,1),0)+Q20,999),IFERROR(MATCH("*PhD*",OFFSET(Budget!#REF!,Q20,0,ROWS(#REF!)-Q20,1),0)+Q20,999),IFERROR(MATCH("*PDEng*",OFFSET(Budget!#REF!,Q20,0,ROWS(#REF!)-Q20,1),0)+Q20,999),IFERROR(MATCH("*Doctorate*",OFFSET(Budget!#REF!,Q20,0,ROWS(#REF!)-Q20,1),0)+Q20,999)),"") -> #REF! | R21: =IFERROR(INDEX(#REF!,Q21),"") | S21: =IFERROR(INDEX(#REF!,Q21),"") | T21: =IFERROR(INDEX(#REF!,Q21),"") | U21: =SUBSTITUTE(IFERROR(INDEX(#REF!,Q21),""),0,"") | V21: =SUBSTITUTE(IFERROR(INDEX(#REF!,Q21),""),0,"") | X21: =IF(ROW(E1558)-ROW($E$1548)<ROWS(#REF!),IFERROR(IF(INDEX(list_cofunders[private?],MATCH(Budget!#REF!,list_cofunders[list cofunders],0),1)="yes",Budget!#REF!,""),""),"") -> #REF! | Y21: =IF(ROW(E1661)-ROW($E$1651)<ROWS(#REF!),IFERROR(IF(INDEX(list_cofunders[private?],MATCH(Budget!#REF!,list_cofunders[list cofunders],0),1)="yes",Budget!#REF!,""),""),"") -> #REF! | Z21: =IFERROR(INDEX(#REF!,X21),"")
B22: =IF(IFERROR(MATCH("*Other*",OFFSET(Budget!#REF!,B21,0,ROWS(#REF!),1),0)+B21,999)<ROWS(#REF!),IFERROR(MATCH("*Other*",OFFSET(Budget!#REF!,B21,0,ROWS(#REF!),1),0)+B21,999),"") -> #REF! | C22: =IFERROR(INDEX(#REF!,B22),"") | E22: =IF(MIN(IFERROR(MATCH("*PostDoc*",OFFSET(Budget!#REF!,E21,0,ROWS(#REF!),1),0)+E21,999),IFERROR(MATCH("*PhD*",OFFSET(Budget!#REF!,E21,0,ROWS(#REF!),1),0)+E21,999),IFERROR(MATCH("*PDEng*",OFFSET(Budget!#REF!,E21,0,ROWS(#REF!),1),0)+E21,999))<ROWS(#REF!),MIN(IFERROR(MATCH("*PostDoc*",OFFSET(Budget!#REF!,E21,0,ROWS(#REF!),1),0)+E21,999),IFERROR(MATCH("*PhD*",OFFSET(Budget!#REF!,E21,0,ROWS(#REF!),1),0)+E21,999),IFERROR(MATCH("*PDEng*",OFFSET(Budget!#REF!,E21,0,ROWS(#REF!),1),0)+E21,999)),"") -> #REF! | F22: =IFERROR(INDEX(#REF!,E22)*INDEX(#REF!,E22)/12,"") | H22: =IF(IFERROR(MATCH("*researcher*",OFFSET(Budget!#REF!,H21,0,ROWS(#REF!),1),0)+H21,999)<ROWS(#REF!),IFERROR(MATCH("*researcher*",OFFSET(Budget!#REF!,H21,0,ROWS(#REF!),1),0)+H21,999),"") -> #REF! | I22: =IF(ISERROR(IF(AND(INDEX(#REF!,H22)>=pers_oi_min_months,INDEX(#REF!,H22)/INDEX(#REF!,H22)*12/pers_other_nrhours_year>=pers_oi_minFTE)=TRUE,INDEX(#REF!,H22)/12,0)),"",IF(AND(INDEX(#REF!,H22)>=pers_oi_min_months,INDEX(#REF!,H22)/INDEX(#REF!,H22)*12/pers_other_nrhours_year>=pers_oi_minFTE)=TRUE,INDEX(#REF!,H22)/12,"")) | K22: =IF(IFERROR(MATCH("*Non-scientific*",OFFSET(Budget!#REF!,K21,0,ROWS(#REF!),1),0)+K21,999)<ROWS(#REF!),IFERROR(MATCH("*Non-scientific*",OFFSET(Budget!#REF!,K21,0,ROWS(#REF!),1),0)+K21,999),"") -> #REF! | L22: =IFERROR(INDEX(#REF!,K22),"") | N22: =IF(IFERROR(MATCH("*leave*",OFFSET(Budget!#REF!,N21,0,ROWS(#REF!),1),0)+N21,999)<ROWS(#REF!),IFERROR(MATCH("*leave*",OFFSET(Budget!#REF!,N21,0,ROWS(#REF!),1),0)+N21,999),"") -> #REF! | O22: =IFERROR(INDEX(#REF!,N22)*INDEX(#REF!,N22),"") | Q22: =IF(MIN(IFERROR(MATCH("*PostDoc*",OFFSET(Budget!#REF!,Q21,0,ROWS(#REF!)-Q21,1),0)+Q21,999),IFERROR(MATCH("*PhD*",OFFSET(Budget!#REF!,Q21,0,ROWS(#REF!)-Q21,1),0)+Q21,999),IFERROR(MATCH("*PDEng*",OFFSET(Budget!#REF!,Q21,0,ROWS(#REF!)-Q21,1),0)+Q21,999),IFERROR(MATCH("*Doctorate*",OFFSET(Budget!#REF!,Q21,0,ROWS(#REF!)-Q21,1),0)+Q21,999))<ROWS(#REF!),MIN(IFERROR(MATCH("*PostDoc*",OFFSET(Budget!#REF!,Q21,0,ROWS(#REF!)-Q21,1),0)+Q21,999),IFERROR(MATCH("*PhD*",OFFSET(Budget!#REF!,Q21,0,ROWS(#REF!)-Q21,1),0)+Q21,999),IFERROR(MATCH("*PDEng*",OFFSET(Budget!#REF!,Q21,0,ROWS(#REF!)-Q21,1),0)+Q21,999),IFERROR(MATCH("*Doctorate*",OFFSET(Budget!#REF!,Q21,0,ROWS(#REF!)-Q21,1),0)+Q21,999)),"") -> #REF! | R22: =IFERROR(INDEX(#REF!,Q22),"") | S22: =IFERROR(INDEX(#REF!,Q22),"") | T22: =IFERROR(INDEX(#REF!,Q22),"") | U22: =SUBSTITUTE(IFERROR(INDEX(#REF!,Q22),""),0,"") | V22: =SUBSTITUTE(IFERROR(INDEX(#REF!,Q22),""),0,"") | X22: =IF(ROW(E1559)-ROW($E$1548)<ROWS(#REF!),IFERROR(IF(INDEX(list_cofunders[private?],MATCH(Budget!#REF!,list_cofunders[list cofunders],0),1)="yes",Budget!#REF!,""),""),"") -> #REF! | Y22: =IF(ROW(E1662)-ROW($E$1651)<ROWS(#REF!),IFERROR(IF(INDEX(list_cofunders[private?],MATCH(Budget!#REF!,list_cofunders[list cofunders],0),1)="yes",Budget!#REF!,""),""),"") -> #REF! | Z22: =IFERROR(INDEX(#REF!,X22),"")
... B110: =IF(IFERROR(MATCH("*Other*",OFFSET(Budget!#REF!,B109,0,ROWS(#REF!),1),0)+B109,999)<ROWS(#REF!),IFERROR(MATCH("*Other*",OFFSET(Budget!#REF!,B109,0,ROWS(#REF!),1),0)+B109,999),"") -> #REF! | C110: =IFERROR(INDEX(#REF!,B110),"") | E110: =IF(MIN(IFERROR(MATCH("*PostDoc*",OFFSET(Budget!#REF!,E109,0,ROWS(#REF!),1),0)+E109,999),IFERROR(MATCH("*PhD*",OFFSET(Budget!#REF!,E109,0,ROWS(#REF!),1),0)+E109,999),IFERROR(MATCH("*PDEng*",OFFSET(Budget!#REF!,E109,0,ROWS(#REF!),1),0)+E109,999))<ROWS(#REF!),MIN(IFERROR(MATCH("*PostDoc*",OFFSET(Budget!#REF!,E109,0,ROWS(#REF!),1),0)+E109,999),IFERROR(MATCH("*PhD*",OFFSET(Budget!#REF!,E109,0,ROWS(#REF!),1),0)+E109,999),IFERROR(MATCH("*PDEng*",OFFSET(Budget!#REF!,E109,0,ROWS(#REF!),1),0)+E109,999)),"") -> #REF! | F110: =IFERROR(INDEX(#REF!,E110)*INDEX(#REF!,E110)/12,"") | H110: =IF(IFERROR(MATCH("*researcher*",OFFSET(Budget!#REF!,H109,0,ROWS(#REF!),1),0)+H109,999)<ROWS(#REF!),IFERROR(MATCH("*researcher*",OFFSET(Budget!#REF!,H109,0,ROWS(#REF!),1),0)+H109,999),"") -> #REF! | I110: =IF(ISERROR(IF(AND(INDEX(#REF!,H110)>=pers_oi_min_months,INDEX(#REF!,H110)/INDEX(#REF!,H110)*12/pers_other_nrhours_year>=pers_oi_minFTE)=TRUE,INDEX(#REF!,H110)/12,0)),"",IF(AND(INDEX(#REF!,H110)>=pers_oi_min_months,INDEX(#REF!,H110)/INDEX(#REF!,H110)*12/pers_other_nrhours_year>=pers_oi_minFTE)=TRUE,INDEX(#REF!,H110)/12,"")) | K110: =IF(IFERROR(MATCH("*Non-scientific*",OFFSET(Budget!#REF!,K109,0,ROWS(#REF!),1),0)+K109,999)<ROWS(#REF!),IFERROR(MATCH("*Non-scientific*",OFFSET(Budget!#REF!,K109,0,ROWS(#REF!),1),0)+K109,999),"") -> #REF! | L110: =IFERROR(INDEX(#REF!,K110),"") | N110: =IF(IFERROR(MATCH("*leave*",OFFSET(Budget!#REF!,N109,0,ROWS(#REF!),1),0)+N109,999)<ROWS(#REF!),IFERROR(MATCH("*leave*",OFFSET(Budget!#REF!,N109,0,ROWS(#REF!),1),0)+N109,999),"") -> #REF! | O110: =IFERROR(INDEX(#REF!,N110)*INDEX(#REF!,N110),"") | Q110: =IF(MIN(IFERROR(MATCH("*PostDoc*",OFFSET(Budget!#REF!,Q109,0,ROWS(#REF!)-Q109,1),0)+Q109,999),IFERROR(MATCH("*PhD*",OFFSET(Budget!#REF!,Q109,0,ROWS(#REF!)-Q109,1),0)+Q109,999),IFERROR(MATCH("*PDEng*",OFFSET(Budget!#REF!,Q109,0,ROWS(#REF!)-Q109,1),0)+Q109,999),IFERROR(MATCH("*Doctorate*",OFFSET(Budget!#REF!,Q109,0,ROWS(#REF!)-Q109,1),0)+Q109,999))<ROWS(#REF!),MIN(IFERROR(MATCH("*PostDoc*",OFFSET(Budget!#REF!,Q109,0,ROWS(#REF!)-Q109,1),0)+Q109,999),IFERROR(MATCH("*PhD*",OFFSET(Budget!#REF!,Q109,0,ROWS(#REF!)-Q109,1),0)+Q109,999),IFERROR(MATCH("*PDEng*",OFFSET(Budget!#REF!,Q109,0,ROWS(#REF!)-Q109,1),0)+Q109,999),IFERROR(MATCH("*Doctorate*",OFFSET(Budget!#REF!,Q109,0,ROWS(#REF!)-Q109,1),0)+Q109,999)),"") -> #REF! | R110: =IFERROR(INDEX(#REF!,Q110),"") | S110: =IFERROR(INDEX(#REF!,Q110),"") | T110: =IFERROR(INDEX(#REF!,Q110),"") | U110: =SUBSTITUTE(IFERROR(INDEX(#REF!,Q110),""),0,"") | V110: =SUBSTITUTE(IFERROR(INDEX(#REF!,Q110),""),0,"") | X110: =IF(ROW(E1647)-ROW($E$1548)<ROWS(#REF!),IFERROR(IF(INDEX(list_cofunders[private?],MATCH(Budget!#REF!,list_cofunders[list cofunders],0),1)="yes",Budget!#REF!,""),""),"") -> #REF! | Y110: =IF(ROW(E1750)-ROW($E$1651)<ROWS(#REF!),IFERROR(IF(INDEX(list_cofunders[private?],MATCH(Budget!#REF!,list_cofunders[list cofunders],0),1)="yes",Budget!#REF!,""),""),"") -> #REF! | Z110: =IFERROR(INDEX(#REF!,X110),"")
B112: Total: | C112: =SUM(C11:C110) -> 0 | E112: Total: | F112: =SUM(F11:F110) -> 0 | H112: Total: | I112: =SUM(I11:I110) -> 0 | K112: Total: | L112: =SUM(L11:L110) -> 0 | N112: Total: | O112: =SUM(O11:O110) -> 0 | W112: Totals: | X112: =SUM(X11:X110) -> #REF! | Y112: =SUM(Y11:Y110) -> #REF!
W113: Total priv. cof.: | X113: =X112+Y112 -> #REF!
A116: Checklist valid entries
A117: Situation | B117: Message | C117: Remarks
A118: Project title not provided | B118: Project title is not provided.
A119: No File number provided | B119: File number is not provided.
A120: Start date later than end date | B120: Start date before end date.
A121: Start date not provided | B121: Start date not provided.
A122: End date not provided | B122: End date not provided.
A123: Start date before today | B123: Start date lies in the past.
A124: Project duration too long | B124: ="The envisioned project duration exceeds the limit of "&Max_project_duration& " months." -> The envisioned project duration exceeds the limit of 12 months.
A125: Requested NWO budget too low | B125: ="Total NWO funding is less than the minimum required "&TEXT(Min_NWO_funding,"€ #.#") & "." -> Total NWO funding is less than the minimum required € .
A126: Requested NWO budget too high | B126: ="Total NWO funding may not exceed "&TEXT(Max_NWO_funding,"€ #.#") & "." -> Total NWO funding may not exceed € 30.000.
A127: Empty row | B127: =IF(empty_lines="no","Please do not leave empty lines in between budget posts.","")
A128: Nr of months of academic personnel exceeding max project duration (or >96 months). | B128: Number of months exceeds maximum.
A129: PhD - appointment too short | B129: ="(Equivalent) PhD duration less than minimal "&TEXT(pers_PhD_min_months,"#")&" fulltime months." -> (Equivalent) PhD duration less than minimal 48 fulltime months.
A130: PhD - appointment too long | B130: ="(Equivalent) PhD duration more than maximum "&TEXT(pers_PhD_max_months,"#")&" fulltime months." -> (Equivalent) PhD duration more than maximum 48 fulltime months.
A131: Appointment 3-year PhD less than the equivalent of 36 full-time months | B131: ="3-years PhD duration less than minimal "&TEXT(pers_3yPhD_min_months,"#")&" fulltime months." -> 3-years PhD duration less than minimal 36 fulltime months.
A132: PDEng - combination with PhD or Postdoc | B132: PDENg position can only be requested if also PhD or PD position is requested.
A133: PDEng - too long | B133: ="PDEng duration exceeds maximum of equivalent of "&TEXT(pers_PDEng_max_months,"#")&" fulltime months." -> PDEng duration exceeds maximum of equivalent of 24 fulltime months.
A134: Postdoc - too short | B134: ="PD duration less than minimal equivalent of "&TEXT(pers_PD_min_months,"#")&" fulltime months." -> PD duration less than minimal equivalent of 6 fulltime months.
A135: Postdoc - too long | B135: ="PD duration exceeds maximal equivalent of "&TEXT(pers_PD_max_months,"#")&" fulltime months." -> PD duration exceeds maximal equivalent of 48 fulltime months.
A136: NSP - combination with PhD or PD | B136: An NSP-position can only be applied for in combination with PostDoc and/or Phd/PDEng/MD PhD.
A137: NSP - exceeding max amount | B137: ="Total requested amount for Non-Scientific Personnel exceeds limit of "& TEXT(pers_max_NSP,"€ #.#") & "." -> Total requested amount for Non-Scientific Personnel exceeds limit of € 100.000.
A138: NSP position- (equivalent) duration not long enough | B138: ="NSP duration less than minimum (equivalent) of " & pers_NSP_min_months &" fulltime months." -> NSP duration less than minimum (equivalent) of 6 fulltime months.
A139: NSP position - (equivalent) duration too long | B139: ="NSP duration exceeds maximum (equivalent) of " & pers_NSP_max_months & " fulltime months." -> NSP duration exceeds maximum (equivalent) of 48 fulltime months.
A140: Other scientific personnel only in combination with PhD or PD | B140: An OSP-position can only be applied for in combination with a PostDoc and/or Phd/PDEng/MD PhD.
A141: Other scientific personnel - max amount exceeded | B141: ="The requested amount for Other Scientific Personnel exceeds the limit of "&TEXT(pers_max_OSP,"€ #.#") &"." -> The requested amount for Other Scientific Personnel exceeds the limit of € 100.000.
A142: OSP position- (equivalent) duration not long enough | B142: ="OSP duration less than minimum (equivalent) of " & pers_OSP_min_months &" fulltime months." -> OSP duration less than minimum (equivalent) of 6 fulltime months.
A143: OSP position - (equivalent) duration too long | B143: ="OSP duration exceeds maximum (equivalent) of " & pers_OSP_max_months & " fulltime months." -> OSP duration exceeds maximum (equivalent) of 48 fulltime months.
A144: Research leave - total max amount exceeded | B144: ="Total requested amount for Research Leave exceeds limit of "& TEXT(pers_leave_maxperc,"#%") & " of the requested NWO budget." -> Total requested amount for Research Leave exceeds limit of 100% of the requested NWO budget.
A145: Research leave - (equivalent) duration too long | B145: ="The total duration of Research Leave exceeds the maximal equivalent of " & TEXT(pers_leave_maxduration,"#") &" fulltime months." -> The total duration of Research Leave exceeds the maximal equivalent of 5 fulltime months.
A146: No organisation type given | B146: =IF(organisation_type="yes","Organisation type not specified.","") -> Organisation type not specified.
A147: No organisation name given | B147: =IF(organisation_name="yes","Name organisation not specified.","") -> Name organisation not specified.
A148: No costs provided | B148: Specify costs for this position.
A149: Personnel ac - costs specified, but not relevant | B149: Costs are specified, but default rates apply.
A150: Benchfee - requested number of benchfees exceeds FTE | C150: Nr of persons cannot be determined based on FTE
A151: Benchee - requested for non-specified category | B151: Benchfee can only be requested for PhD and Postdoc positions.
A152: Pers other inst - no category selected | B152: No personnel category is selected.
A153: Pers other inst - hourly rate too high | B153: ="Hourly rate exceeds maximum of <<max_hourly_rate>>, see section " & CfP_tariffs_other_inst & " of the CfP." -> Hourly rate exceeds maximum of <<max_hourly_rate>>, see section 3.2.1 of the CfP.
A154: Pers other inst 2021 - no description provided | B154: No description provided.
A155: Pers other inst - months not given | B155: Nr of months not provided.
A156: pers other inst - too many hours for 1 year (exc 1 FTE) | B156: ="Exceeding 1 FTE (>"&TEXT(pers_other_nrhours_year,"#") &" hrs/year)." -> Exceeding 1 FTE (>1354 hrs/year).
A157: Material - amount too high
A158: Material - cleanroom costs too low | B158: ="Minimum budget for cleanroom costs is "&TEXT(mat_cleanroom_minamount,"€ #.#0")&"." -> Minimum budget for cleanroom costs is € 40.000.
A159: Material - cleanroom costs too high | B159: ="A maximum of "&TEXT(mat_cleanroom_maxamount,"€ #.#0")&" can be requested for cleanroom costs." -> A maximum of € 150.000 can be requested for cleanroom costs.
A160: Investments - contribution KI too low (indiv budget posts) | B160: =IF(inv_own_contribution="yes","At least "&TEXT(inv_min_perc_own_contr,"#%")&" of the investment should be covered by the host institute.","") | C160: =IF(inv_own_contribution="no","Not applicable","") -> Not applicable
A161: Investments - budget too low | B161: =IF(inv_min_total_amount>0,"Total requested amount of investments should be at least "&TEXT(inv_min_total_amount,"€ #.#0")&".","") | C161: =IF(inv_min_total_amount=0,"Not applicable","") -> Not applicable
A162: Investments small - amount too high | B162: ="Total requested amount exceeds "&TEXT(threshold_own_contribution,"€ #.#0")&"." -> Total requested amount exceeds € 150.000.
A163: Investments large - amount too high | B163: ="Total requested amount of investments may not exceed "&TEXT(inv_max_total_amount,"€ #.#0")&"." -> Total requested amount of investments may not exceed € 500.000.
A164: Total amount of KU too low | B164: ="Total amount of KU should be at least "&TEXT(KU_minperc,"#%")&" of the amount requested from NWO." -> Total amount of KU should be at least 5% of the amount requested from NWO.
A165: Total amount of KU too high - % | B165: ="Total amount of KU exceeds limit of "&TEXT(KU_maxperc,"#%")&" of the amount requested from NWO." -> Total amount of KU exceeds limit of 6% of the amount requested from NWO.
A166: Total amount of KU too high - € | B166: ="Total amount of KU exceeds limit of " & TEXT(KU_max_amount,"€ #.#0") & "." -> Total amount of KU exceeds limit of € 30.000.
A167: Total amount of KU and entrepeneurship too low | B167: ="Total amount of KU and entrepeneurship should be at least "&TEXT(KU_entrepeneurship_minperc,"#%")&" of the amount requested from NWO." -> Total amount of KU and entrepeneurship should be at least % of the amount requested from NWO.
A168: Total amount of KU and entrepeneurship too high | B168: ="Total amount for KU and entrepeneurship exceeds the limit of "& TEXT(KU_entrepeneurship_max_amount,"€ #.#")&"." -> Total amount for KU and entrepeneurship exceeds the limit of € 30.000.
A169: Total amount for Internationalisation too high - amount | B169: ="Total amount for Internationalisation exceeds limit of "&TEXT(Int_maxamount,"€ #.#0")&"." -> Total amount for Internationalisation exceeds limit of € 30.000.
A170: Total amount for Internationalisation too high - percentage | B170: ="Total amount for Internationalisation exceeds limit of "&TEXT(Int_maxamount_perc,"#%")&" of requested NWO budget." -> Total amount for Internationalisation exceeds limit of 100% of requested NWO budget.
A171: MfC personnel - no category provided | B171: Provide the category for this position.
A172: MfC personnel - no costs given for Other Scientific personnel | B172: Provide costs for this position.
A173: MfC personnel - country not specified | B173: Provide country for this position.
A174: MfC personnel - costs specified but not applicable | B174: Costs are specified, but default rates apply.
A175: MfC personnel - organisation type not specified | B175: Organisation type not specified.
A176: MfC personnel - organisation name not specified | B176: Name organisation not specified.
A177: Total amount for MfC too high - amount | B177: ="Total amount for MfC exceeds limit of "&TEXT(MfC_maxamount,"€ #.#")&"." -> Total amount for MfC exceeds limit of € 30.000.
A178: Total amount for MfC too high - percentage | B178: ="Total amount for MfC exceeds limit of "&TEXT(MfC_maxperc,"#%")&" of the amount requested from NWO." -> Total amount for MfC exceeds limit of 50% of the amount requested from NWO.
A179: Total amount Internationalisation and MfC too high - amount | B179: ="Total amount for Internationalisation and MfC exceeds the limit of "& TEXT(Int_MfC_maxamount,"€ #.#")&"." -> Total amount for Internationalisation and MfC exceeds the limit of € 99.999.999.
A180: Total amount Internationalisation and MfC too high | B180: ="Total amount for Int. and MfC exceeds limit of "&TEXT(Int_MfC_maxperc,"#%")&" of the amount requested from NWO." -> Total amount for Int. and MfC exceeds limit of 100% of the amount requested from NWO.
A181: Project management - cannot be requested | B181: ="Can only be requested from a min. total NWO contribution of "&TEXT(prog_mngmt_threshold_amount,"€ #.#")&"." -> Can only be requested from a min. total NWO contribution of € 30.000.
A182: Project management - exceeding max amount | B182: ="Total amount for Programme management exceeds limit of "&TEXT(prog_mngmt_max_amount_perc,"#%")&" of NWO budget." -> Total amount for Programme management exceeds limit of 25% of NWO budget.
A183: In-kind - type of co-funding not specified | B183: =IF(cofunding_inkind_def_rates="yes","Type of in-kind co-funding not specified."&"") -> FALSE
A184: In-kind - Rate type not applicable | B184: Type rate specified, but not applicable for materials.
A185: In-kind - type of rate not specified | B185: =IF(cofunding_inkind_def_rates="yes","Type rate not specified."&"") -> FALSE
A186: In-kind junior researcher rate too high | B186: =IF(cofunding_inkind_def_rates="yes","Hourly rates exceeds maximum rate of "&TEXT(cofunding_junior_rate,"€ #.#")&".","")
A187: In-kind senior researcher rate too high | B187: =IF(cofunding_inkind_def_rates="yes","Hourly rates exceeds maximum rate of "&TEXT(cofunding_senior_rate,"€ #.#")&".","")
A188: In-cash cofunding - not enough | B188: ="Total in-cash co-funding lower than minimum of "&TEXT(cash_cofunding_minperc,"#%")&" of total project budget." -> Total in-cash co-funding lower than minimum of % of total project budget.
A189: Cofunding - not enough, including threshold amount | B189: ="Total co-funding less than "& TEXT(cofunding_min_perc,"#0%")&" of total project budget, in excess of " & TEXT(cofunding_threshold,"€ #.#0") & " (=" & TEXT(cofunding_min_perc*(Total_project_budget-cofunding_threshold),"€ #.#")&")." -> #REF!
A190: Cofunding - not enough | B190: ="Total co-funding does not meet minimum of "&TEXT(cofunding_min_perc,"#%")&" of the total project budget." -> Total co-funding does not meet minimum of 25% of the total project budget.
A191: Private cofunding - not enough | B191: =IFERROR("Co-funding from private organisation does not meet minimum of "&TEXT(cofunding_private_minperc,"#%")&".","") -> Co-funding from private organisation does not meet minimum of N/A.
A192: Cofunding - too much | B192: ="Total co-funding exceeds limit of "&TEXT(cofunding_max_perc,"#%")&" of the total project budget." -> Total co-funding exceeds limit of 49% of the total project budget.
A196: Combined notes start/end date
A197: Combined notes start/end date | B197: start date missing | C197: end date missing | D197: start date before end date | E197: start date before now
A198: {=IFERROR(INDEX(combined_dates[[#This Row],[start date missing]:[start date before now]],1,MATCH(TRUE,LEN(combined_dates[[#This Row],[start date missing]:[start date before now]])>0,0)),"")} | B198: =IF(AND(Total_NWO_funding>0,startdate=""),$B$121,"") | C198: =IF(AND(Total_NWO_funding>0,enddate=""),$B$122,"") | D198: =IF(AND(startdate>enddate,NOT(ISBLANK(enddate))),$B$120,"") | E198: =IF(AND(NOT(ISBLANK(startdate)),startdate<TODAY()),$B$123,"")
A205: Combined notes per position - academic
...
